 Dungeon Crawl Stone Soup version 0.32-a0-411-g744942f433 (webtiles) character file.

Game seed: 9668539301874351142

11246262 yleetSyT the Demonic Aeon (level 27, 231/231 HPs)
             Began as a Demonspawn Fighter on Feb 19, 2024.
             Was the Champion of Cheibriados.
             Escaped with the Orb
             ... and 15 runes on Feb 20, 2024!
             The game lasted 09:43:49 (146559 turns).

yleetSyT the Demonic Aeon (Demonspawn Fighter)    Turns: 146559, Time: 09:43:50

Health: 231/231    AC: 25    Str: 41    XL:     27
Magic:  47/47      EV: 41    Int: 31    God:    Cheibriados [******]
Gold:   14379      SH: 28    Dex: 43    Spells: 25/66 levels left

rFire   + +          +
                       - Unarmed
rCold   + + +        w - +7 kite shield of Honour {rN+ Dex+2}
rNeg    + + +        t - +8 storm dragon scales {Bai Suzhen}
rPois   ∞            V - -2 hat of the Alchemist {rElec rPois rF+ rC+ rN+ Will+ rMut rCorr}
rElec   +            (cloak unavailable)
rCorr   +            (gloves unavailable)
SInv    +            (boots unavailable)
Will    +++++        z - amulet of Agarox {*Slow rF+++ Will+ Regen+}
Stlth   ++           Y - ring of Piarch {rF+ rC++ Str+3 SInv}
HPRegen 1.38/turn    J - ring of Xuxutod {Will++ Str+5 Int+6 Dex+2}
MPRegen 0.30/turn

%: slow self (1%), resist mutation
@: death-form, studying 2 skills, very slow
A: vile attack, torment immunity, no potions, claws 3, hooves 3, demonic
guardian 3, powered by pain 3, augmentation 3, weakness stinger 3
0: Orb of Zot
}: 15/15 runes: barnacled, slimy, silver, golden, iron, obsidian, icy, bone,
abyssal, demonic, glowing, magical, fiery, dark, gossamer
a: Siphon Essence, Begin Untransformation, Renounce Religion, Bend Time,
Temporal Distortion, Slouch, Step From Time


You escaped.
You worshipped Cheibriados.
Cheibriados was exalted by your worship.
You were an undying horror.
You visited 18 branches of the dungeon, and saw 88 of its levels.
You visited Pandemonium 1 time, and saw 19 of its levels.
You visited the Abyss 2 times.
You visited 1 bazaar.
You also visited: Trove, Gauntlet, Ice Cave and Wizlab.

You collected 19098 gold pieces.
You spent 4719 gold pieces at shops.

Inventory:

Missiles
 a - 19 throwing nets
Armour
 t - +8 storm dragon scales (worn) {Bai Suzhen}
 w - the +7 kite shield of Honour (worn) {rN+ Dex+2}
   (You acquired it on level 4 of the Realm of Zot)

   Dex+2:     It affects your dexterity (+2).
   rN+:       It protects you from negative energy.
 V - the -2 hat of the Alchemist (worn) {rElec rPois rF+ rC+ rN+ Will+ rMut rCorr}
   (You found it on level 3 of the Tomb of the Ancients)

   rF+:       It protects you from fire.
   rC+:       It protects you from cold.
   rElec:     It insulates you from electricity.
   rPois:     It protects you from poison rN+: It protects you from negative
   energy.
   Will+:     It increases your willpower.
   rCorr:     It protects you from acid and corrosion.
   rMut:      It protects you from mutation.
Magical Staves
 b - a staff of fire
Jewellery
 f - a ring of flight
 o - the amulet of Etukhalo {rPois rF+ rC+++ Regen+ Int-4}
   (You found it in a treasure trove)

   [amulet of regeneration]

   Int-4:     It affects your intelligence (-4).
   rF+:       It protects you from fire.
   rC+++:     It renders you almost immune to cold.
   rPois:     It protects you from poison Regen+: It increases your rate of
   health regeneration.
 z - the amulet of Agarox (around neck) {*Slow rF+++ Will+ Regen+}
   (You took it off an orc on level 5 of the Vaults)

   [amulet of regeneration]

   rF+++:     It renders you almost immune to fire.
   Will+:     It increases your willpower.
   Regen+:    It increases your rate of health regeneration.
   *Slow:     It may slow you when you take damage.
 H - the ring "Ituah" {Wiz Will+ rCorr Str+4}
   (You found it on level 3 of the Tomb of the Ancients)

   [ring of wizardry]

   Wiz:       It improves your spell success rate.
   Str+4:     It affects your strength (+4).
   Will+:     It increases your willpower.
   rCorr:     It protects you from acid and corrosion.
 J - the ring of Xuxutod (right claw) {Will++ Str+5 Int+6 Dex+2}
   (You took it off an ancient champion on level 7 of the Iron City of Dis)

   [ring of intelligence]

   Str+5:     It affects your strength (+5).
   Int+6:     It affects your intelligence (+6).
   Dex+2:     It affects your dexterity (+2).
   Will++:    It greatly increases your willpower.
 Y - the ring of Piarch (left claw) {rF+ rC++ Str+3 SInv}
   (You bought it in a shop on level 8 of the Dungeon)

   [ring of see invisible]

   Str+3:     It affects your strength (+3).
   rF+:       It protects you from fire.
   rC++:      It greatly protects you from cold.
   SInv:      It lets you see invisible.
Talismans
 n - a talisman of death (active)
 B - the granite talisman "Udwon" {Dex+3 Stlth+}
   (You found it in Pandemonium)

   [granite talisman]

   Dex+3:     It affects your dexterity (+3).
   Stlth+:    It makes you more stealthy.
Wands
 q - a wand of flame (153)
 r - a wand of mindburst (59)
 s - a wand of polymorph (41)
 v - a wand of roots (141)
 F - a wand of paralysis (91)
 T - a wand of quicksilver (75)
 Z - a wand of digging (32)
Scrolls
 g - 2 scrolls of summoning
 h - 2 scrolls of revelation
 j - 29 scrolls of teleportation
 m - 6 scrolls of blinking
 x - 11 scrolls of amnesia
 y - 9 scrolls of poison
 A - 10 scrolls of fear
 D - 9 scrolls of immolation
 I - 56 scrolls of identify
 R - 5 scrolls of fog
 U - 7 scrolls of vulnerability
 X - 4 scrolls of silence
Potions
 c - 4 potions of curing
 d - 17 potions of attraction
 e - 17 potions of mutation
 k - 17 potions of brilliance
 l - 6 potions of cancellation
 u - 10 potions of might
 C - 11 potions of heal wounds
 G - 8 potions of invisibility
 K - 6 potions of ambrosia
 N - 9 potions of resistance
 P - 10 potions of berserk rage
 S - 7 potions of enlightenment
 W - 10 potions of lignification
Miscellaneous
 i - a figurine of a ziggurat
 p - a phantom mirror
 E - a sack of spiders
 L - a condenser vane
 O - a phial of floods
 Q - the horn of Geryon


   Skills:
 + Level 21.9 Fighting
 + Level 21.5 Armour
 + Level 21.5 Dodging
 - Level 20.0 Stealth
 - Level 20.0 Shields
 - Level 21.6 Unarmed Combat
 - Level 20.0 Spellcasting
 - Level 15.0 Hexes
 - Level 18.0 Translocations
 - Level 20.0 Fire Magic
 O Level 27 Invocations
 - Level 20.0 Evocations
 - Level 23.0 Shapeshifting


You had 25 spell levels left.
You knew the following spells:

 Your Spells              Type           Power      Damage    Failure   Level
a - Blink                 Tloc           100%       N/A       0%          2
b - Manifold Assault      Tloc           100%       N/A       0%          4
c - Lesser Beckoning      Tloc           100%       N/A       0%          2
d - Teleport Other        Tloc           100%       N/A       0%          3
e - Passage of Golubria   Tloc           100%       N/A       0%          4
f - Dispersal             Tloc           71%        N/A       1%          6
g - Vhi's Electric Charg  Tloc/Air       100%       N/A       1%          4
h - Apportation           Tloc           100%       N/A       0%          1
i - Ignition              Fire           74%        3d19      4%          8
j - Enfeeble              Hex            67%        N/A       4%          7

Your spell library contained the following spells:

 Spells                   Type           Power      Damage    Failure   Level
 Jinxbite                 Hex            100%       N/A       0%          2
 Scorch                   Fire           100%       2d9       0%          2
 Gell's Gravitas          Tloc           100%       N/A       0%          3
 Inner Flame              Hex/Fire       100%       N/A       0%          3
 Tukima's Dance           Hex            100%       N/A       0%          3
 Volatile Blastmotes      Fire/Tloc      100%       2d18      0%          3
 Foxfire                  Conj/Fire      100%       2x1d9     1%          1
 Ensorcelled Hibernation  Hex/Ice        100%       N/A       1%          2
 Momentum Strike          Conj/Tloc      100%       3d10      1%          2
 Dazzling Flash           Conj/Hex       100%       N/A       1%          3
 Anguish                  Hex/Necr       53%        N/A       1%          4
 Cause Fear               Hex            67%        N/A       1%          4
 Dimensional Bullseye     Hex/Tloc       69%        N/A       1%          4
 Flame Wave               Conj/Fire      100%       2d21      1%          4
 Ignite Poison            Fire/Alch      100%       N/A       1%          4
 Iskenderun's Mystic Bla  Conj/Tloc      100%       2d19      1%          4
 Sticky Flame             Fire/Alch      100%       2d15      1%          4
 Summon Blazeheart Golem  Fire/Summ      100%       N/A       1%          4
 Fireball                 Conj/Fire      58%        3d22      1%          5
 Summon Forest            Summ/Tloc      56%        N/A       1%          5
 Freeze                   Ice            100%       1d10      2%          1
 Kiss of Death            Conj/Necr      100%       2d13      2%          1
 Magic Dart               Conj           100%       1d8       2%          1
 Necrotise                Necr           100%       1d9       2%          1
 Sandblast                Erth           100%       2d20      2%          1
 Shock                    Conj/Air       100%       1d9       2%          1
 Sting                    Conj/Alch      100%       1d9       2%          1
 Summon Small Mammal      Summ           100%       N/A       2%          1
 Metabolic Englaciation   Hex/Ice        53%        N/A       3%          5
 Silence                  Hex/Air        53%        N/A       3%          5
 Summon Mana Viper        Hex/Summ       100%       N/A       3%          5
 Yara's Violent Unravell  Hex/Alch       53%        3d20      3%          5
 Call Imp                 Summ           100%       N/A       4%          2
 Cigotuvi's Dreadful Rot  Necr/Alch/Air  100%       N/A       4%          2
 Mercury Vapours          Alch/Air       100%       N/A       4%          2
 Searing Ray              Conj           100%       2d8       4%          2
 Static Discharge         Conj/Air       100%       3-8/arc   4%          2
 Sublimation of Blood     Necr           62%        N/A       4%          2
 Plasma Beam              Fire/Air       58%        2x1d74    7%          6
 Starburst                Conj/Fire      58%        6d16      7%          6
 Call Canine Familiar     Summ           62%        N/A       8%          3
 Frozen Ramparts          Ice            100%       1d16      8%          3
 Fugue of the Fallen      Necr           62%        N/A       8%          3
 Hailstorm                Conj/Ice       62%        3d11      8%          3
 Mephitic Cloud           Conj/Alch/Air  62%        N/A       8%          3
 Ozocubu's Armour         Ice            62%        N/A       8%          3
 Summon Ice Beast         Ice/Summ       62%        N/A       8%          3
 Swiftness                Air            62%        N/A       8%          3
 Vampiric Draining        Necr           62%        2d10      8%          3
 Disjunction              Tloc           71%        N/A       11%         8
 Airstrike                Air            31%        2d(5-21)  26%         4
 Animate Armour           Summ/Erth      100%       N/A       26%         4
 Animate Dead             Necr           62%        N/A       26%         4
 Brom's Barrelling Bould  Conj/Erth      62%        2d8       26%         4
 Dispel Undead            Necr           62%        3d22      26%         4
 Fulminant Prism          Conj/Alch      31%        3d16      26%         4
 Leda's Liquefaction      Alch/Erth      31%        N/A       26%         4
 Martyr's Knell           Necr/Summ      62%        N/A       26%         4
 Olgreb's Toxic Radiance  Alch           62%        N/A       26%         4
 Petrify                  Alch/Erth      62%        N/A       26%         4
 Summon Lightning Spire   Summ/Air       62%        N/A       26%         4
 Discord                  Hex            67%        N/A       36%         8
 Malign Gateway           Summ/Tloc      56%        N/A       50%         7
 Alistair's Intoxication  Alch           41%        N/A       58%         5
 Arcjolt                  Conj/Air       31%        1d41      58%         5
 Borgnjor's Vile Clutch   Necr/Erth      31%        N/A       58%         5
 Curse of Agony           Necr           62%        N/A       58%         5
 Freezing Cloud           Conj/Ice/Air   31%        6-21      58%         5
 Irradiate                Conj/Alch      31%        3d22      58%         5
 Iskenderun's Battlesphe  Conj           62%        2d11      58%         5
 Lee's Rapid Deconstruct  Erth           31%        3d16*     58%         5
 Bombard                  Conj/Erth      31%        9d6       99%         6
 Conjure Ball Lightning   Conj/Air       31%        3x3d10    99%         6
 Death Channel            Necr           31%        N/A       99%         6
 Eringya's Noxious Bog    Alch           31%        4d6       99%         6
 Sculpt Simulacrum        Ice/Alch       31%        N/A       99%         6
 Summon Cactus Giant      Summ           31%        N/A       99%         6
 Haunt                    Necr/Summ      31%        N/A       100%        7
 Monstrous Menagerie      Summ           31%        N/A       100%        7
 Orb of Destruction       Conj           31%        9d10      100%        7
 Ozocubu's Refrigeration  Ice            31%        4d14      100%        7
 Spellforged Servitor     Conj/Summ      31%        N/A       100%        7
 Summon Hydra             Summ           31%        N/A       100%        7
 Borgnjor's Revivificati  Necr           31%        N/A       100%        8
 Infestation              Necr           31%        N/A       100%        8
 Lehudib's Crystal Spear  Conj/Erth      31%        10d8      100%        8
 Maxwell's Capacitive Co  Air            31%        ∞         100%        8
 Summon Horrible Things   Summ           31%        N/A       100%        8
 Death's Door             Necr           31%        N/A       100%        9
 Polar Vortex             Ice            31%        12d4*     100%        9


Dungeon Overview and Level Annotations

Branches:
Dungeon (15/15)            Temple (1/1) D:5            Lair (5/5) D:10
 Shoals (4/4) Lair:2       Spider (4/4) Lair:2        Slime (5/5) Lair:5
    Orc (2/2) D:10            Elf (3/3) Orc:2        Vaults (5/5) D:14
  Crypt (3/3) Vaults:2       Tomb (3/3) Crypt:3      Depths (4/4) D:15
   Hell (visited)             Dis (7/7) Hell            Geh (7/7) Hell
    Coc (7/7) Hell            Tar (7/7) Hell            Zot (5/5) Depths:4
  IceCv (visited)          WizLab (visited)         Gauntlet (visited)

Altars:
Ashenzari
Cheibriados
Dithmenos
Fedhas
Gozag
Hepliaklqana
Kikubaaqudgha
Makhleb
Nemelex Xobeh
Okawaru
Qazlal
Ru
Sif Muna
Trog
Uskayaw
Vehumet
Wu Jian
Xom
Yredelemnul
Jiyva

Shops:
D:6 *   D:8 *=   Orc:2 ??=:   Elf:1 !   Vaults:3 (   Crypt:1 *   Depths:1 *

Portals:
Hell: Depths:1 Depths:2 Depths:3 Depths:4
Abyss: Depths:3 Depths:4
Pandemonium: Depths:2
Ziggurat: Depths:2

Annotations:
D:4 2 runed translucent doors, knightboat's ghost, amateur OpBr
Lair:1 3 runed translucent doors, Getoffmy's ghost, novice DrIE
Depths:3 3 runed translucent doors, Weasch's ghost, master FoFi


Innate Abilities, Weirdness & Mutations

You are an undying horror.
Your melee and unarmed attacks drain, slow and weaken victims.
You are immune to unholy pain and torment.
You cannot drink.
You are immune to poison.
You have claws for hands.
You have hooves in place of feet.
A powerful demonic guardian rushes to your aid.
You are powered by pain.
Your magical and physical power is greatly enhanced at high health.
You have a sharp stinger which inflicts weakening toxins.


Message History

You kill the Executioner!
Cheibriados thoroughly appreciates the change of pace.
There is a stone staircase leading up here.
You climb upwards.
There is a stone staircase leading down here.
There is a stone staircase leading up here.
You climb upwards.
There is a stone staircase leading down here.
You see here a bullfrog skeleton.
There is a stone staircase leading up here.
You climb upwards.
There is a stone staircase leading down here.
There is an open door here.
There is a stone staircase leading up here.
You climb upwards.
There is a stone staircase leading down here.
There is a stone staircase leading up here.
You climb upwards.
Level annotation: 2 runed translucent doors, knightboat's ghost, amateur OpBr
There is a stone staircase leading down here.
Items here: )) [[ ÷÷.
There is a stone staircase leading up here.
You climb upwards.
There is a stone staircase leading down here.
An angel comes into view. It is wielding a +1 whip of holy wrath.
The angel moves out of view.
There is a stone staircase leading up here.
You climb upwards.
There is a stone staircase leading down here.
There is an escape hatch in the ceiling here.
A mysterious force pulls you upwards. The hatch slams shut behind you.
You see here a +0 whip.
A red devil comes into view.
It is wielding a +2 demon trident of pain.
Blink to where?
Press: ? - help, Dir - move target
As you read the scroll of blinking, it crumbles to dust.
Blink to where?
Press: ? - help, Dir - move target
As you read the scroll of blinking, it crumbles to dust.
You have escaped!

# #)#.....~~≈≈≈≈≈≈≈≈~##'##≈≈≈≈≈~
# #.##...~~~≈≈≈≈≈≈≈≈~~...~≈≈≈≈≈≈
####......~~≈≈≈≈≈≈≈≈≈≈~~..~~≈≈≈≈≈
........#.~~≈≈≈≈≈≈≈≈≈≈~~..~~≈≈≈≈≈
#.........~~≈≈≈≈≈≈≈~≈~~~...~~~≈≈≈
#........~~≈≈≈#####~~~~....~~~≈≈≈
##.....#.~≈≈≈##...##~.......~≈≈~≈
.#.....#.~≈≈≈#.....#........~~~~≈
'#######.~~≈≈#.>z..'.§.......~~~~
......##.~~≈≈#.....#..~~~....)..~
......##..~~≈##...##~~~~~~...(...
......###.~~≈≈#####≈~~≈~~~..÷....
#....####.~~≈≈≈≈≈≈≈~~≈≈≈≈~~......
..........~≈≈≈≈≈≈≈≈≈≈≈≈≈≈~~##'##.
.........~~≈≈≈≈≈≈≈≈≈≈≈≈≈4~##...##
.........~~~≈≈≈≈≈≈≈≈≈≈≈≈≈≈#.....#
..........~≈≈≈≈≈≈≈≈≈≈≈≈≈≈≈#.....#


There were no monsters in sight!

Vanquished Creatures
  Cerebov (Pan)
  Antaeus (Coc:7)
  Asmodeus (Geh:7)
  Gloorx Vloq (Pan)
  Ereshkigal (Tar:7)
  the Royal Jelly (Slime:5)
  Ignacio (Pan)
  Mnoleg (Pan)
  the Serpent of Hell (Dis:7)
  Lom Lobon (Pan)
  7 ancient liches
  4 dread liches
  Dispater (Dis:7)
  6 orbs of fire
  Mara (Elf:3)
  Mennas (Pan)
  5 juggernauts
  Sojobo (Vaults:3)
  28 royal mummies
  7 pandemonium lords (Pan)
  The ghost of Bam Juge the Impregnable, a veteran MiGl of Hepliaklqana (Crypt:1)
  Boris (twice) (Depths:2 Depths:4)
  5 Killer Klowns (Zot:5)
  Bai Suzhen (Depths:1)
  18 shard shrikes
  Saint Roka (Elf:2)
  A curse toe (Zot:5)
  15 caustic shrikes
  Margery (Depths:1)
  Nikola (Elf:1)
  20 golden dragons
  Geryon (Hell)
  27 bone dragons
  10 doom hounds
  12 profane servitors
  21 Brimstone Fiends
  20 Tzitzimimeh
  28 Hell Sentinels
  15 iron giants
  2 shard shrike zombies (Tar:7)
  4 electric golems
  Jorgrun (Orc:1)
  25 hellephants
  27 Ice Fiends
  25 tentacled monstrosities
  23 Orb Guardians (Zot:5)
  A walking earthen tome (Depths:1)
  A deep elf blademaster (Elf:3)
  2 walking crystal tomes (Depths:1)
  12 liches
  16 tainted leviathans
  5 deep elf master archers
  Asterion (Elf:3)
  23 titans
  30 searing wretches
  The ghost of Eluacum the Metamorph, an adept TrSh of Cheibriados (Shoals:3)
  A shard shrike skeleton (Tar:7)
  25 Executioners
  15 quicksilver dragons
  9 death cobs
  45 ancient champions
  12 sphinxes
  27 acid blobs
  16 tentacled starspawn
  17 storm dragons
  Kirke (D:13)
  Roxanne (Spider:3)
  11 tengu reavers
  Agnes (D:15)
  3 revenants
  Donald (Orc:2)
  6 azure jellies (Slime:5)
  A nagaraja (Pan)
  12 narguns
  8 shadow dragons
  4 draconian monks
  11 rockslimes
  13 demonspawn warmongers
  13 protean progenitors
  10 emperor scorpions
  A daeva (Pan)
  23 fire giants
  10 draconian knights
  5 ghost moths
  10 frost giants
  6 fenstrider witches
  10 draconian shifters
  2 spectral juggernauts
  6 curse skulls
  9 deep elf sorcerers
  4 ghouls
  10 draconian scorchers
  11 quicksilver elementals
  7 iron dragons
  19 vault wardens
  4 draconian stormcallers
  54 balrugs
  An orc warlord (Vaults:3)
  2 caustic shrike zombies
  Louise (Shoals:1)
  8 spectral caustic shrikes
  17 draconian annihilators
  42 cacodemons (Pan)
  4 deep elf elementalists (Elf:3)
  5 demonspawn corrupters (Pan)
  8 shard shrike simulacra
  17 stone giants
  37 reapers
  9 ironbound preservers
  A broodmother (Spider:4)
  45 very ugly things
  2 formless jellyfish (Slime:1)
  11 demonspawn blood saints
  11 caustic shrike skeletons
  8 deep elf demonologists
  16 quicksilver oozes
  6 ironbound thunderhulks
  6 juggernaut skeletons (Pan)
  20 elemental wellsprings
  6 demonspawn black suns (Pan)
  Nessos (D:13)
  6 black draconians
  12 lorocyprocas
  11 green draconians
  16 putrid mouths
  8 vampire knights
  9 deep elf annihilators
  21 red draconians
  25 war gargoyles
  2 eleionomae (WizLab)
  12 deep elf death magi
  10 wendigos
  12 bennus
  21 purple draconians
  A minotaur (Gauntlet)
  A spectral titan (Tar:7)
  8 yellow draconians
  13 spark wasps
  7 dire elephants
  10 white draconians
  A spectral quicksilver dragon (Tar:3)
  22 iron golems
  30 blizzard demons
  13 green deaths (Pan)
  14 jiangshi
  2 shambling mangroves (WizLab)
  19 fire dragons
  9 eidola
  27 mummy priests
  3 merfolk javelineers
  15 ettins
  A spectral iron giant (Tar:2)
  14 great orbs of eyes
  A quicksilver dragon zombie (Tomb:1)
  6 deep elf high priests
  4 entropy weavers
  2 spectral spriggans
  11 merfolk impalers
  20 yaktaur captains
  40 vault guards
  Fannar (D:10)
  Harold (Orc:1)
  13 salamander tyrants
  4 hydras
  A quicksilver dragon skeleton (Crypt:2)
  2 hell beasts (Pan)
  The ghost of jamsaran the Blocker, a journeyman DgFE (D:11)
  12 rakshasas
  12 ice dragons
  17 caustic shrike simulacra
  6 jorogumos
  5 juggernaut simulacra
  7 ironbound frosthearts
  5 death knights
  5 spriggan air magi
  5 radroaches
  8 merfolk aquamancers
  A spectral stone giant (Crypt:3)
  5 merfolk avatars
  An alligator snapping turtle (Shoals:4)
  17 centaur warriors
  36 dancing weapons
  6 stokers
  4 ogre magi
  11 two-headed ogres
  Erica (Orc:1)
  7 boulder beetles
  16 demonic crawlers
  35 death scarabs
  55 hell hogs
  3 satyrs
  A spectral dire elephant (Crypt:3)
  7 deep troll shamans
  9 deep troll earth magi
  3 vampire magi
  4 spriggan berserkers
  5 tengu warriors
  4 spriggans (Depths:2)
  A quicksilver ooze zombie (Crypt:2)
  Urug (Orc:2)
  21 thrashing horrors
  3 naga sharpshooters (WizLab)
  5 death yaks (Lair:1)
  4 occultists
  7 orc high priests
  20 deep elf knights
  97 sun demons
  A spectral naga (Tar:3)
  An emperor scorpion zombie (Crypt:2)
  3 skysharks
  A skyshark (shapeshifter) (Vaults:5)
  50 soul eaters
  10 crystal echidnas
  A fire crab (shapeshifter) (D:14)
  22 hell knights
  50 sixfirhies
  9 wretched stars
  10 hellephant skeletons (Pan)
  32 shadow wraiths
  3 spatial maelstroms
  A storm dragon skeleton (Tomb:2)
  A golden dragon zombie (Tar:7)
  50 skeletal warriors
  An anaconda zombie (Abyss:1)
  12 sea snakes
  12 deep elf archers
  An iron giant zombie (Tar:7)
  6 quicksilver dragon simulacra
  6 iron trolls
  11 pharaoh ants
  2 spectral anacondas
  A bunyip zombie (Hell)
  3 goliath frogs
  38 deep trolls
  5 flayed ghosts
  44 large abominations
  21 sun moths
  8 arcanists
  22 shadow demons
  10 orb spiders
  7 steelbarb worms
  13 glowing orange brains
  16 ironbound convokers
  A steelbarb worm (shapeshifter) (Vaults:5)
  13 orc knights
  13 phantasmal warriors
  An obsidian statue (Crypt:1)
  An iron dragon zombie (Crypt:1)
  9 harpies
  6 bog bodies
  32 deep elf pyromancers
  34 starcursed masses
  11 necromancers
  2 orb spiders (shapeshifter)
  A salamander (shapeshifter) (Vaults:5)
  24 deep elf zephyrmancers
  A wolf spider zombie (Crypt:1)
  An oklob plant (WizLab)
  20 wolf spiders
  An alligator zombie (Crypt:2)
  5 worldbinders
  4 salamanders (Zot:3)
  28 ugly things
  11 manticores
  31 moths of wrath
  3 orc sorcerers (Elf:2)
  7 shining eyes
  A spectral ettin (Tar:2)
  8 cyclopes
  6 merfolk sirens
  A moth of wrath (shapeshifter) (Depths:2)
  A will-o-the-wisp (Abyss:1)
  A manticore (shapeshifter) (Vaults:5)
  12 fauns
  6 meliai
  A kobold blastminer (Orc:2)
  2 centaur zombies
  5 black mambas
  A frost giant skeleton (Crypt:2)
  7 rust devils
  A stone giant skeleton (Crypt:3)
  3 apocalypse crabs
  64 smoke demons
  8 elephants
  5 titan simulacra
  2 dire elephant zombies
  10 eyes of devastation
  2 ice statues
  44 orange demons
  A shock serpent skeleton (Crypt:2)
  2 torpor snails
  25 vault sentinels
  38 hellions
  A storm dragon simulacrum (Coc:1)
  6 water nymphs
  Jeremiah (D:8)
  A gargoyle (D:14)
  2 cane toads (shapeshifter)
  12 cane toads
  12 molten gargoyles (Geh:7)
  18 efreet
  31 tormentors
  10 unseen horrors
  40 yaktaurs
  8 rime drakes
  13 freezing wraiths
  A dire elephant skeleton (Tomb:1)
  A bunyip simulacrum (Coc:1)
  12 komodo dragons
  18 ice devils
  3 tengu conjurers
  6 ancient zymes
  A silent spectre (Tar:5)
  14 anaconda simulacra
  2 golden dragon simulacra (Coc:7)
  A yaktaur skeleton (Vaults:4)
  36 guardian mummies
  A spectral harpy (Tar:5)
  3 iron giant simulacra
  A white draconian skeleton (Crypt:1)
  10 trolls
  2 red devils (Pan)
  A hydra zombie (Abyss:4)
  33 hellwings
  A wind drake (shapeshifter) (D:15)
  9 hornets
  26 merfolk
  A merfolk (shapeshifter) (Vaults:2)
  21 raiju
  A harpy zombie (Hell)
  4 polar bears
  9 wind drakes
  31 tarantellas
  12 blink frogs
  7 glass eyes
  A snapping turtle (shapeshifter) (Elf:2)
  2 harpy skeletons (Tar:7)
  3 dream sheep (Shoals:2)
  2 iron dragon simulacra
  11 snapping turtles
  A raiju (shapeshifter) (D:14)
  3 stone giant simulacra
  19 culicivoras
  A human simulacrum (Vaults:3)
  8 air elementals
  8 wyverns
  Sigmund (D:2)
  34 jumping spiders
  A vampire (Abyss:4)
  A centaur simulacrum (Coc:2)
  30 ynoxinuls
  8 dire elephant simulacra
  23 small abominations
  14 wraiths
  61 yaks
  A naga simulacrum (Coc:2)
  111 slime creatures
  27 ushabtiu
  30 water elementals
  7 shadows
  2 fire elementals (Elf:3)
  A hog (D:13)
  A fire bat (shapeshifter) (Spider:2)
  22 golden eyes
  A human (shapeshifter) (D:14)
  51 redbacks
  10 fire bats
  4 basilisks
  5 wargs
  A wind drake skeleton (Crypt:1)
  7 death yak simulacra (IceCv)
  51 neqoxecs
  3 vampire mosquitoes (D:14)
  39 chaos spawn
  5 spatial vortices
  17 harpy simulacra
  A naga zombie (Tomb:2)
  A faun zombie (Crypt:1)
  4 acid dragons
  4 hydra simulacra
  An ogre skeleton (Vaults:4)
  A naga skeleton (Tomb:2)
  6 water moccasins
  5 hell hounds
  49 orc warriors
  2 black bears (D:6)
  64 laughing skulls
  5 ettin simulacra
  3 human zombies
  2 ice beasts
  2 sky beasts
  11 ogres
  6 boggarts
  A merfolk simulacrum (Coc:2)
  11 wolves
  11 centaurs
  A swamp dragon skeleton (Crypt:1)
  A phantom (D:5)
  3 kobold brigands (D:10)
  4 weeping skulls
  3 brain worms
  A glowing shapeshifter simulacrum (Vaults:3)
  9 bullfrogs
  9 scorpions
  3 cane toad simulacra (IceCv)
  An earth elemental (Abyss:5)
  15 wights
  4 burial acolytes (Crypt:3)
  A water moccasin skeleton (Crypt:1)
  17 killer bees
  An elephant simulacrum (IceCv)
  4 howler monkeys
  2 bombardier beetles
  6 electric eels
  A basilisk zombie (Crypt:1)
  9 hounds
  5 gnoll boudas
  20 orc priests
  Crazy Yiuf (D:6)
  3 jellies
  An iron imp (Pan)
  A sleepcap (D:5)
  5 iguanas
  15 orc wizards
  5 polar bear simulacra (IceCv)
  6 spriggan simulacra
  2 troll simulacra (IceCv)
  4 wolf simulacra (IceCv)
  36 mummies
  15 gnolls
  6 adders
  A shadow imp (D:8)
  4 white imps
  5 ufetubi
  A lava snake skeleton (Crypt:2)
  4 dart slugs
  A ribbon worm (D:3)
  84 orcs
  6 ball pythons
  12 endoplasms
  3 giant cockroaches
  2 goblins (D:1)
  7 hobgoblins
  7 jackals
  3 quokkas
  15 bats
  A bombardier beetle zombie (Crypt:1)
  An endoplasm zombie (Crypt:1)
  5 frilled lizards
  A frilled lizard zombie (Crypt:2)
  5 kobolds
  An orc zombie (Crypt:1)
  7 rats
  4 aspiring fleshes
  4 creeping infernos
  3 fire vortices
  2 lurking horrors
  2 starspawn tentacles (Abyss:2)
  2 tentacles (Shoals:3)
4817 creatures vanquished.

Vanquished Creatures (collateral kills)
  An orb of fire (Zot:5)
  A royal mummy (Tomb:1)
  A shard shrike (Coc:7)
  A Hell Sentinel (Dis:7)
  3 Brimstone Fiends (Pan)
  A hellephant (Geh:7)
  An Ice Fiend (Coc:7)
  A kraken (Shoals:3)
  An ancient champion (Dis:2)
  A storm dragon (Zot:4)
  A draconian scorcher (Zot:5)
  A nargun (Coc:6)
  3 fire giants
  2 balrugs (Pan)
  An emperor scorpion (Spider:4)
  An ironbound preserver (D:14)
  A formless jellyfish (Slime:5)
  A very ugly thing (Abyss:5)
  A draconian annihilator (Zot:2)
  A green draconian (Zot:5)
  2 black draconians
  A purple draconian (Zot:5)
  A red draconian (Zot:5)
  2 yellow draconians
  An ettin (Vaults:2)
  3 merfolk impalers
  An iron golem (Dis:3)
  A jiangshi (Crypt:3)
  A vault guard (Vaults:4)
  A caustic shrike simulacrum (Coc:7)
  A catoblepas (Lair:3)
  An ironbound frostheart (Vaults:2)
  An ogre mage (Vaults:2)
  A radroach (Pan)
  A centaur warrior (Vaults:1)
  A satyr (Shoals:2)
  A two-headed ogre (D:10)
  A hell hog (Geh:4)
  2 tengu warriors (D:15)
  2 soul eaters (Pan)
  A deep elf knight (Elf:2)
  4 sun demons (Pan)
  A skeletal warrior (Tomb:2)
  A sixfirhy (Pan)
  A wretched star (Abyss:4)
  A sea snake (Lair:5)
  A mana viper (Abyss:5)
  A deep troll (Vaults:3)
  An orc knight (Orc:2)
  A wolf spider (Spider:4)
  A manticore (Shoals:2)
  4 fauns
  A large abomination (Abyss:5)
  A moth of wrath (Spider:2)
  An orange demon (Pan)
  A vault sentinel (Vaults:1)
  4 smoke demons (Pan)
  2 yaktaurs (Vaults:1)
  An ice devil (IceCv)
  An efreet (Pan)
  A komodo dragon (Lair:2)
  An ancient zyme (Abyss:5)
  A guardian mummy (Tomb:2)
  A merfolk (Shoals:4)
  A wind drake (Shoals:4)
  A hellwing (Pan)
  A hornet (D:7)
  A tarantella (Spider:2)
  A blink frog (Lair:5)
  A raiju (Abyss:5)
  4 slime creatures
  A jumping spider (Spider:4)
  3 yaks (Lair:1)
  A ynoxinul (Abyss:4)
  A wyvern (Lair:4)
  A yak (shapeshifter) (Abyss:5)
  An air elemental (Shoals:4)
  2 starcursed masses (Abyss:4)
  A redback (Spider:1)
  A harpy simulacrum (Coc:7)
  A hydra simulacrum (IceCv)
  2 ice beasts
  A black bear (shapeshifter) (D:14)
  3 orc warriors
  A centaur (D:7)
  A bullfrog (Lair:4)
  A small abomination (Abyss:1)
  A wight (D:7)
  3 killer bees
  4 mummies (Tomb:2)
  An adder (D:4)
  3 orcs
  2 jackals (D:1)
  A frilled lizard (D:1)
  A rat (D:1)
  4 tentacles (Shoals:3)
137 creatures vanquished.

Vanquished Creatures (others)
  A shard shrike (Coc:7)
  A tentacled starspawn (Abyss:5)
  An eldritch tentacle (Pan)
  A draconian knight (Zot:2)
  A ghost moth (Zot:5)
  An ironbound preserver (Vaults:3)
  2 caustic shrike simulacra (Coc:7)
  An ogre mage (Abyss:5)
  5 death scarabs (Tomb:2)
  An orb spider (Spider:2)
  A deep troll (Vaults:3)
  A large abomination (Abyss:4)
  An ironbound convoker (Vaults:3)
  A titan simulacrum (Coc:3)
  A wyvern (Abyss:5)
  A ynoxinul (Pan)
  4 fire bats (Abyss:5)
  2 humans (D:13)
  A golden eye (Abyss:4)
  6 chaos spawn (Abyss:5)
  A steam dragon (Abyss:5)
  A hydra simulacrum (Abyss:4)
  2 harpy simulacra (Coc:7)
  A centaur (D:15)
  A small abomination (Abyss:4)
  A naga simulacrum (Coc:7)
  An orc wizard (D:5)
  A creeping inferno (Geh:7)
  A lurking horror (Abyss:2)
  14 starspawn tentacles
  2 tentacles (Shoals:3)
60 creatures vanquished.

Grand Total: 5014 creatures vanquished

Notes
Turn   | Place    | Note
-------+----------+-------------------------------------------
     0 | D:1      | yleetSyT the Demonspawn Fighter began the quest for the
                  | Orb.
     0 | D:1      | Reached XP level 1. HP: 18/18 MP: 1/1
   116 | D:1      | Gained mutation: A weak demonic guardian rushes to your
                  | aid. [demonic ancestry]
   116 | D:1      | Reached XP level 2. HP: 16/24 MP: 2/2
   305 | D:1      | Gained mutation: A demonic guardian rushes to your aid.
                  | [demonic ancestry]
   305 | D:1      | Reached XP level 3. HP: 29/29 MP: 3/3
   978 | D:2      | Reached XP level 4. HP: 33/35 MP: 4/4
  1098 | D:2      | Noticed Sigmund
  1113 | D:2      | Killed Sigmund
  1114 | D:2      | Reached skill level 5 in Unarmed Combat
  1114 | D:2      | Discovered your monstrous ancestry.
  1114 | D:2      | Gained mutation: You have large cloven feet. [demonic
                  | ancestry]
  1114 | D:2      | Reached XP level 5. HP: 19/41 MP: 5/5
  2084 | D:3      | Reached XP level 6. HP: 47/47 MP: 6/6
  2894 | D:4      | Found a runed translucent door.
  2896 | D:4      | Noticed knightboat's ghost (amateur OpBr)
  2941 | D:4      | Gained mutation: You have sharp fingernails. [demonic
                  | ancestry]
  2941 | D:4      | Reached XP level 7. HP: 24/52 MP: 7/7
  3822 | D:4      | Found a runed translucent door.
  4031 | D:5      | Entered Level 5 of the Dungeon
  4498 | D:5      | Gained mutation: You have hoof-like feet. [demonic
                  | ancestry]
  4498 | D:5      | Reached XP level 8. HP: 58/58 MP: 8/8
  4635 | D:5      | Found a staircase to the Ecumenical Temple.
  4661 | Temple   | Entered the Ecumenical Temple
  4666 | Temple   | Became a worshipper of Cheibriados the Contemplative
  5104 | D:6      | Found Ceasiwirph's Assorted Antiques.
  5260 | D:6      | Reached skill level 10 in Unarmed Combat
  5354 | D:6      | Reached * piety under Cheibriados
  5419 | D:6      | Found a runed translucent door.
  5420 | D:6      | Noticed Crazy Yiuf
  5427 | D:6      | Killed Crazy Yiuf
  5737 | D:6      | Gained mutation: You have a small tail. [demonic ancestry]
  5737 | D:6      | Reached XP level 9. HP: 62/63 MP: 9/9
  5750 | D:6      | Identified the +3 kite shield of Resourcefulness {+Inv rC+
                  | Will- Dex+3}
  6047 | D:7      | Reached skill level 1 in Dodging
  6111 | D:7      | Found a sparkling altar of Nemelex Xobeh.
  6210 | D:7      | Reached skill level 5 in Fighting
  6281 | D:7      | Reached ** piety under Cheibriados
  6297 | D:7      | HP: 3/69 [poisoned by a killer bee]
  6376 | D:7      | Found a hazy altar of Hepliaklqana.
  6574 | D:7      | Reached skill level 5 in Dodging
  6638 | D:7      | Gained mutation: You have very sharp fingernails. [demonic
                  | ancestry]
  6638 | D:7      | Reached XP level 10. HP: 77/77 MP: 10/10
  7112 | D:8      | Found a shadowy altar of Dithmenos.
  7144 | D:8      | Noticed Jeremiah
  7171 | D:8      | Killed Jeremiah
  7171 | D:8      | Reached *** piety under Cheibriados
  7343 | D:8      | Found Tustrops's General Store.
  7445 | D:8      | Found Qoeclar's Jewellery Emporium.
  7786 | D:9      | Found a sacrificial altar of Ru.
  7888 | D:9      | Found a shimmering altar of Xom.
  8040 | D:9      | Reached **** piety under Cheibriados
  8376 | D:10     | Entered Level 10 of the Dungeon
  8391 | D:10     | Gained mutation: You have claws for hands. [demonic
                  | ancestry]
  8391 | D:10     | Reached XP level 11. HP: 89/89 MP: 11/11
  8497 | D:10     | Noticed Fannar
  8497 | D:10     | Found a staircase to the Orcish Mines.
  8504 | D:10     | Killed Fannar
  8532 | D:10     | Found an iron altar of Okawaru.
  8552 | D:10     | Reached ***** piety under Cheibriados
  8627 | D:10     | Reached skill level 10 in Fighting
  8682 | D:10     | Reached skill level 1 in Invocations
  8727 | D:10     | Reached skill level 2 in Invocations
  8890 | D:10     | Noticed a two-headed ogre
  8897 | D:10     | Killed a two-headed ogre
  8898 | D:10     | Reached skill level 3 in Invocations
  8933 | D:10     | Found a staircase to the Lair.
  8948 | D:10     | Reached skill level 4 in Invocations
  9003 | D:10     | Noticed a wolf spider
  9011 | D:10     | Killed a wolf spider
  9191 | D:10     | Reached skill level 5 in Invocations
  9248 | D:10     | Reached skill level 6 in Invocations
  9658 | Lair:1   | Entered Level 1 of the Lair of Beasts
  9710 | D:8      | Bought a ring of poison resistance for 260 gold pieces
  9900 | Lair:1   | Found a runed translucent gate.
  9900 | Lair:1   | Found a runed translucent gate.
  9900 | Lair:1   | Found a runed translucent gate.
  9900 | Lair:1   | Noticed a four-headed hydra
  9906 | Lair:1   | Noticed a minotaur
  9908 | Lair:1   | Noticed Getoffmy's ghost (novice DrIE)
  9909 | Lair:1   | Reached skill level 10 in Dodging
  9963 | Lair:1   | Reached skill level 7 in Invocations
 10148 | Lair:1   | Noticed a death yak
 10149 | Lair:1   | Noticed a death yak
 10150 | Lair:1   | Noticed a death yak
 10161 | Lair:1   | Noticed a death yak
 10163 | Lair:1   | Noticed a death yak
 10164 | Lair:1   | Killed a death yak
 10165 | Lair:1   | Reached skill level 8 in Invocations
 10165 | Lair:1   | Reached skill level 1 in Shapeshifting
 10172 | Lair:1   | Killed a death yak
 10173 | Lair:1   | Gained mutation: A powerful demonic guardian rushes to your
                  | aid. [demonic ancestry]
 10173 | Lair:1   | Reached XP level 12. HP: 83/97 MP: 18/18
 10176 | Lair:1   | Killed a death yak
 10179 | Lair:1   | Killed a death yak
 10180 | Lair:1   | Reached skill level 9 in Invocations
 10184 | Lair:1   | Killed a death yak
 10308 | Lair:1   | Reached skill level 10 in Invocations
 10744 | Lair:2   | Found a staircase to the Shoals.
 10817 | Lair:2   | Reached skill level 11 in Invocations
 11012 | Lair:2   | Reached ****** piety under Cheibriados
 11013 | Lair:2   | Reached skill level 5 in Shapeshifting
 11052 | Lair:2   | Found a hole to the Spider Nest.
 11299 | Lair:2   | Reached skill level 12 in Invocations
 11724 | Lair:3   | You fall into a shaft and drop 2 floors!
 11724 | Lair:5   | Entered Level 5 of the Lair of Beasts
 11773 | Lair:4   | Noticed a seven-headed hydra
 11781 | Lair:4   | Killed a 12-headed hydra
 11782 | Lair:4   | Gained mutation: You sometimes gain a little power by
                  | taking damage. [demonic ancestry]
 11782 | Lair:4   | Reached XP level 13. HP: 95/103 MP: 22/22
 12145 | Lair:4   | Found a frozen archway.
 12163 | IceCv    | Entered an ice cave
 12705 | IceCv    | Identified the +0 buckler of the Earth {rElec rPois Will-
                  | Regen+}
 12871 | IceCv    | Found an ancient bone altar of Kikubaaqudgha.
 12912 | IceCv    | Identified the +0 halberd of Plague {drain, ^Drain rPois
                  | Dex+5 Stlth-}
 13015 | IceCv    | Reached skill level 10 in Shapeshifting
 14560 | Lair:5   | Gained mutation: You sometimes gain power by taking damage.
                  | [demonic ancestry]
 14560 | Lair:5   | Reached XP level 14. HP: 113/113 MP: 23/23
 14633 | Lair:5   | Found a viscous altar of Jiyva.
 14635 | Lair:5   | Found a staircase to the Slime Pits.
 14802 | Lair:5   | Learned a level 2 spell: Blink
 14807 | Lair:5   | Learned a level 4 spell: Manifold Assault
 14864 | Lair:5   | Reached skill level 1 in Translocations
 15044 | Lair:5   | Identified the amulet of the Townfolk {Acrobat Regen+ Str+3
                  | Int-3}
 15231 | Lair:5   | Got the Lectures on Congelation and the Atmosphere
 15736 | Orc:1    | Entered Level 1 of the Orcish Mines
 15740 | Orc:1    | Learned a level 2 spell: Lesser Beckoning
 15744 | Orc:1    | Learned a level 3 spell: Teleport Other
 15929 | Orc:1    | Found a bloodstained altar of Trog.
 16054 | Orc:2    | Entered Level 2 of the Orcish Mines
 16210 | Orc:1    | Noticed Jorgrun
 16213 | Orc:1    | Noticed Erica
 16218 | Orc:1    | Noticed Harold
 16219 | Orc:1    | Killed Jorgrun
 16224 | Orc:1    | Killed Erica
 16230 | Orc:1    | Killed Harold
 16426 | Orc:2    | Noticed Donald
 16449 | Orc:2    | Killed Donald
 16533 | Orc:2    | Found Hoine Soim's Vocational Training.
 16573 | Orc:2    | Bought a manual of Evocations for 960 gold pieces
 16594 | Orc:2    | Reached skill level 5 in Translocations
 16637 | Orc:2    | Found a staircase to the Elven Halls.
 16641 | Orc:2    | Noticed Urug
 16653 | Orc:2    | Killed Urug
 16954 | Orc:2    | HP: 5/118 [orc high priest/divine providence (14)]
 17650 | Orc:2    | Found Cilepoa's Magic Scroll Shoppe.
 17653 | Orc:2    | Found Del Ukkye's Jewellery Shoppe.
 17654 | Orc:2    | Found Borch's Book Shoppe.
 17655 | Orc:2    | Found Jeitz's Magic Scroll Emporium.
 17662 | Orc:2    | Bought a scroll of identify for 32 gold pieces
 17662 | Orc:2    | Bought a scroll of identify for 32 gold pieces
 17777 | D:11     | Reached skill level 1 in Evocations
 17914 | D:11     | Reached XP level 15. HP: 125/125 MP: 24/24
 18579 | D:11     | Found a large runed translucent door.
 18579 | D:11     | Found a large runed translucent door.
 18581 | D:11     | Noticed jamsaran's ghost (journeyman DgFE)
 18622 | D:11     | Found a portal to a secret trove of treasure.
 19212 | D:11     | Killed jamsaran's ghost
 19432 | D:12     | Reached skill level 5 in Evocations
 20789 | D:13     | Noticed Kirke
 20804 | D:13     | Killed Kirke
 20963 | D:13     | Noticed Nessos
 20968 | D:13     | Killed Nessos
 21810 | D:14     | Found a gate leading to a gauntlet.
 21834 | Gauntlet | Entered a Gauntlet
 21834 | Gauntlet | Found a transporter.
 21834 | Gauntlet | Found a transporter.
 21954 | Gauntlet | Found a transporter.
 21957 | Gauntlet | Found a transporter.
 21965 | Gauntlet | Found a transporter.
 21969 | Gauntlet | Found a transporter.
 21977 | Gauntlet | Found a transporter.
 21993 | Gauntlet | Found a transporter.
 22007 | Gauntlet | Found a transporter.
 22011 | Gauntlet | Found a transporter.
 22022 | Gauntlet | Found a transporter.
 22023 | Gauntlet | Found a transporter.
 22469 | Gauntlet | Identified the ring "Vuuc Qith" {rC+ Dex+3}
 22841 | D:14     | Reached skill level 15 in Fighting
 23291 | D:14     | Reached skill level 10 in Evocations
 23394 | D:14     | Found a gate to the Vaults.
 23646 | D:14     | Identified the +5 trident "Lazaevvi" {holy, Str+5}
 23994 | D:15     | Entered Level 15 of the Dungeon
 24166 | D:15     | Noticed Agnes
 24169 | D:15     | Killed Agnes
 24439 | D:15     | Gained mutation: You have hooves in place of feet. [demonic
                  | ancestry]
 24439 | D:15     | Reached XP level 16. HP: 109/139 MP: 5/25
 25259 | D:15     | Found a staircase to the Depths.
 25582 | Orc:2    | Bought a scroll of acquirement for 676 gold pieces
 25582 | Orc:2    | Acquired 1227 gold pieces
 25670 | Orc:2    | Bought a manual of Invocations for 960 gold pieces
 25790 | Spider:1 | Entered Level 1 of the Spider Nest
 28931 | D:8      | Bought the ring of Piarch {rF+ rC++ Str+3 SInv} for 686
                  | gold pieces
 29798 | Spider:3 | Reached skill level 10 in Translocations
 30053 | Spider:3 | Noticed Roxanne
 30241 | Spider:3 | Killed Roxanne
 30242 | Spider:3 | Gained mutation: Your magical and physical power is
                  | slightly enhanced at high health. [demonic ancestry]
 30242 | Spider:3 | Reached XP level 17. HP: 75/151 MP: 26/26
 31049 | Spider:4 | Entered Level 4 of the Spider Nest
 32397 | Spider:4 | Identified the orb of Sakocuoz {guile, -Tele rC+ Necro}
 32428 | Spider:4 | Got a gossamer rune of Zot
 33377 | Shoals:1 | Entered Level 1 of the Shoals
 33494 | Shoals:1 | Noticed Louise
 33504 | Shoals:1 | Killed Louise
 34425 | Shoals:1 | Identified the +1 sling of Context {drain, rPois rF+}
 35848 | Shoals:3 | Reached XP level 18. HP: 162/162 MP: 27/27
 36088 | Shoals:3 | Found a runed translucent door.
 36170 | Shoals:3 | Noticed Eluacum's ghost (adept TrSh)
 36201 | Shoals:3 | Killed Eluacum's ghost
 37348 | Shoals:4 | Entered Level 4 of the Shoals
 37360 | Shoals:4 | Paralysed by an air elemental for 1 turns
 39014 | Shoals:4 | Paralysed by an air elemental for 1 turns
 39450 | Shoals:4 | Identified the +13 chain mail of the Zebrataur {-Cast rPois
                  | Regen+ Int-4}
 40932 | Shoals:4 | Reached skill level 15 in Shapeshifting
 40986 | Shoals:4 | Got a barnacled rune of Zot
 40991 | Shoals:4 | Identified the staff of Spores {rF+ rN+ Int+4 Necro}
 41303 | Vaults:1 | Entered Level 1 of the Vaults
 41474 | Vaults:1 | Found a flickering gateway to a bazaar.
 41481 | Bazaar   | Entered a bazaar
 41498 | Bazaar   | Found Edghinol's Book Shop.
 41512 | Bazaar   | Found Yttogaif's Antique Armour Shop.
 41548 | Bazaar   | Bought a shiny helmet for 135 gold pieces
 41986 | Vaults:1 | Gained mutation: You have a tail ending in a sharp stinger.
                  | [demonic ancestry]
 41986 | Vaults:1 | Reached XP level 19. HP: 158/169 MP: 1/28
 43504 | Vaults:2 | Identified the +1 scale mail of the Jolly Tales {Regen+
                  | Str+3}
 44123 | Vaults:2 | Found a staircase to the Crypt.
 44123 | Vaults:2 | Found a basalt altar of Yredelemnul.
 44123 | Vaults:2 | Found an ancient bone altar of Kikubaaqudgha.
 45118 | Vaults:2 | Identified the +0 scale mail of the Hall of Blades {rF+++}
 45539 | Vaults:3 | Noticed Sojobo
 45544 | Vaults:3 | Killed Sojobo
 45548 | Vaults:3 | Gained mutation: You have a sharp stinger which inflicts
                  | weakening toxins. [demonic ancestry]
 45548 | Vaults:3 | Reached XP level 20. HP: 176/176 MP: 29/29
 46204 | Vaults:3 | Reached skill level 15 in Unarmed Combat
 46278 | Vaults:3 | Found Laupsuoj's Weapon Emporium.
 46728 | Vaults:4 | Upgraded the game from 0.32-a0-391-gce5c0aab1b to
                  | 0.32-a0-411-g744942f433
 47888 | Vaults:4 | Learned a level 4 spell: Passage of Golubria
 48061 | Depths:1 | Entered Level 1 of the Depths
 48061 | Depths:1 | Noticed Margery
 48061 | Depths:1 | Found a gateway to Hell.
 48173 | Depths:1 | Killed Margery
 48278 | Depths:1 | Noticed a golden dragon
 48289 | Depths:1 | Killed a golden dragon
 48309 | Depths:1 | Reached skill level 15 in Dodging
 48331 | Depths:1 | Noticed Bai Suzhen
 48338 | Depths:1 | Identified the ring "Bugiodum" {Str+4 Slay+4}
 48342 | Depths:1 | Killed Bai Suzhen
 48396 | Depths:1 | Gained mutation: You are powered by pain. [demonic
                  | ancestry]
 48396 | Depths:1 | Reached XP level 21. HP: 183/183 MP: 30/30
 48591 | Depths:1 | Killed the ghostly Margery
 48699 | Depths:1 | Identified the +0 robe "Haym" {Archmagi}
 48704 | Depths:1 | Reached skill level 13 in Invocations
 48768 | Depths:1 | Got the Octavo of Burnt Cold
 49163 | Depths:1 | Identified the +4 spear of Diet Blood {freeze, ^Fragile
                  | rN+++ Dex+6}
 49209 | Depths:1 | Found Oficvats's Elemental Accessories.
 49321 | Depths:1 | Found a stormy altar of Qazlal.
 49620 | Depths:2 | Reached skill level 14 in Invocations
 49918 | Depths:2 | Reached skill level 15 in Invocations
 49946 | Depths:2 | Identified the +3 robe "Radaim" {rF+ rN+ Dex-3}
 49946 | Depths:2 | Noticed Boris
 49953 | Depths:2 | Noticed a golden dragon
 49956 | Depths:2 | Killed Boris
 49966 | Depths:2 | Reached skill level 16 in Invocations
 49966 | Depths:2 | Found a one-way gate leading to the halls of Pandemonium.
 49972 | Depths:2 | Killed a golden dragon
 50180 | Depths:2 | Found a one-way gateway to a ziggurat.
 50224 | Depths:2 | Reached skill level 17 in Invocations
 50623 | Depths:2 | You fall into a shaft and drop 1 floor!
 50623 | Depths:3 | Found a transporter.
 50654 | Depths:3 | Reached skill level 18 in Invocations
 50678 | Depths:3 | Found a one-way gate to the infinite horrors of the Abyss.
 50697 | Depths:3 | Found a transporter.
 50763 | Depths:3 | Found a magical portal.
 50772 | WizLab   | Entered Eringya's Formal Garden
 50919 | WizLab   | Reached skill level 15 in Evocations
 51101 | WizLab   | Found a blossoming altar of Fedhas.
 51109 | WizLab   | Got Eringya's Meditations on the Mortar
 51153 | WizLab   | Reached XP level 22. HP: 190/190 MP: 30/35
 51987 | Depths:3 | Found a runed translucent gate.
 51987 | Depths:3 | Found a runed translucent gate.
 51987 | Depths:3 | Found a runed translucent gate.
 52423 | Depths:3 | Noticed a golden dragon
 52431 | Depths:3 | Paralysed by a Zot trap for 2 turns
 52448 | Depths:3 | Killed a golden dragon
 52693 | Depths:3 | Identified the +6 long sword "Kucaisch" {flame, rElec
                  | rPois}
 52694 | Depths:3 | Identified the ring "Hythaunow" {rElec Str+6 Int+5 Dex-5}
 52706 | Depths:3 | Acquired a manual of Translocations
 52710 | Depths:3 | Identified the amulet of Hard Scrabble {Acrobat rC- Str+5}
 52712 | Depths:3 | Identified the ring "Zedweunus" {rElec rCorr Str-5 Int+3}
 52999 | Depths:3 | Found a runed translucent gate.
 52999 | Depths:3 | Found a runed translucent gate.
 53006 | Depths:3 | Noticed Weasch's ghost (master FoFi)
 53014 | Depths:3 | Found a runed translucent gate.
 53059 | Depths:4 | Entered Level 4 of the Depths
 53408 | Depths:4 | Reached skill level 19 in Invocations
 53582 | Depths:4 | Noticed a juggernaut
 53588 | Depths:4 | Killed a juggernaut
 53744 | Depths:4 | Identified the +3 robe of the Monk {rF- MP+9 Str+3
                  | Archmagi}
 53744 | Depths:4 | Noticed Boris
 53750 | Depths:4 | Killed Boris
 53751 | Depths:4 | Reached skill level 20 in Invocations
 53890 | Depths:4 | Identified the +3 scale mail "Kaggaf" {Will+ Stlth+}
 54267 | Depths:4 | Reached skill level 1 in Spellcasting
 54593 | Depths:4 | Found a gate to the Realm of Zot.
 55045 | Vaults:5 | Entered Level 5 of the Vaults
 55071 | Vaults:5 | Noticed a golden dragon
 55075 | Vaults:5 | Killed a golden dragon
 55109 | Vaults:5 | Reached skill level 5 in Spellcasting
 55127 | Vaults:5 | Reached XP level 23. HP: 151/196 MP: 15/37
 55210 | Vaults:5 | Identified the +1 robe "Ofoog" {Fly Regen+ Dex+3 Archmagi}
 55279 | Vaults:5 | Noticed an ancient lich
 55285 | Vaults:5 | Killed an ancient lich
 55412 | Vaults:5 | Identified the ring of Fenifeh {rPois rC+ Will++ Int-4
                  | SInv}
 55514 | Vaults:5 | Identified the ring "Unybris" {rF+ rCorr Str+5}
 55655 | Vaults:5 | Identified the amulet of Agarox {*Slow rF+++ Will+ Regen+}
 56827 | Vaults:5 | Identified the ring of the Ego {Str+6 Int+3}
 57198 | Vaults:5 | Reached skill level 15 in Translocations
 57296 | Vaults:5 | Learned a level 6 spell: Dispersal
 57574 | Vaults:5 | Got a silver rune of Zot
 57714 | Vaults:5 | Identified the +0 pair of gloves of Nalusk {Str+4}
 57803 | Vaults:5 | Identified the +0 chain mail of the Depths {SInv}
 58494 | Crypt:1  | Entered Level 1 of the Crypt
 58855 | Crypt:1  | You fall into a shaft and drop 1 floor!
 58869 | Crypt:2  | Reached skill level 10 in Spellcasting
 59074 | Crypt:1  | Learned a level 4 spell: Vhi's Electric Charge
 59289 | Crypt:1  | Found a runed translucent gate.
 59290 | Crypt:1  | Found a runed translucent gate.
 59291 | Crypt:1  | Found a runed translucent gate.
 59292 | Crypt:1  | Found an opulent altar of Gozag.
 59293 | Crypt:1  | Noticed Bam Juge's ghost (veteran MiGl)
 59302 | Crypt:1  | Found Usific's Assorted Antiques.
 59745 | Crypt:1  | Killed Bam Juge's ghost
 59897 | Crypt:1  | Bought a potion of curing for 114 gold pieces
 59897 | Crypt:1  | Bought a scroll of enchant armour for 285 gold pieces
 59897 | Crypt:1  | Bought a scroll of blinking for 285 gold pieces
 60636 | Crypt:2  | Reached skill level 5 in Shields
 60713 | Crypt:2  | Found an ancient bone altar of Kikubaaqudgha.
 61025 | Crypt:2  | Gained mutation: Your magical and physical power is
                  | enhanced at high health. [demonic ancestry]
 61025 | Crypt:2  | Reached XP level 24. HP: 204/204 MP: 37/37
 61263 | Crypt:3  | Entered Level 3 of the Crypt
 61733 | Crypt:3  | Found an ancient bone altar of Kikubaaqudgha.
 62321 | Crypt:3  | Found the +7 sceptre of Torment {pain, torment}
 62449 | Crypt:3  | Identified the ring of Xerhiesu {rElec rN+ Dex+3 Stlth+}
 62449 | Crypt:3  | Identified the ring of Mames {rN+ rCorr Int+3}
 62449 | Crypt:3  | Identified the ring "Qiag" {Fly rN+ Will- Str+5 Dex-5}
 62486 | Crypt:3  | Found a staircase to the Tomb.
 63064 | Elf:1    | Entered Level 1 of the Elven Halls
 63398 | Elf:1    | Found Sepseor's Distillery.
 63401 | Elf:1    | Bought a potion of curing for 42 gold pieces
 63401 | Elf:1    | Bought a potion of heal wounds for 70 gold pieces
 63401 | Elf:1    | Bought 2 potions of heal wounds for 140 gold pieces
 63401 | Elf:1    | Bought a potion of curing for 42 gold pieces
 63745 | Elf:1    | Noticed Nikola
 63750 | Elf:1    | Killed Nikola
 64175 | Elf:1    | Paralysed by an air elemental for 1 turns
 65082 | Elf:2    | Found a runed translucent gate.
 65082 | Elf:2    | Found a runed translucent gate.
 65082 | Elf:2    | Found a runed translucent gate.
 65742 | Elf:2    | Reached skill level 10 in Shields
 65999 | Elf:2    | Noticed Saint Roka
 66012 | Elf:2    | Killed Saint Roka
 66848 | Elf:3    | Entered Level 3 of the Elven Halls
 67029 | Elf:3    | Noticed Mara
 67031 | Elf:3    | Noticed yleetSyT's illusion
 67054 | Elf:3    | Killed Mara
 67504 | Elf:3    | Noticed Asterion
 67511 | Elf:3    | Killed Asterion
 67889 | Elf:3    | Reached XP level 25. HP: 210/210 MP: 19/37
 68026 | Elf:3    | Identified the +9 rapier of Qeneonnu {flame, rElec rF+++
                  | Dex-3}
 68028 | Elf:3    | Identified the +3 chain mail of Distant Worlds {rN+ Regen+
                  | Int-4}
 68114 | Elf:3    | Identified the +7 rapier "Tas Kico" {venom, rC- Will+++
                  | Str-2 Dex+3}
 68177 | Elf:3    | Identified the +2 dagger "Spider's Undoing" {antimagic,
                  | ^Drain +Blink rPois rN++}
 68181 | Elf:3    | Got the Quarto of White Subspace
 68187 | Elf:3    | Learned a level 1 spell: Apportation
 68626 | Slime:1  | Entered Level 1 of the Pits of Slime
 70097 | Slime:2  | Reached skill level 21 in Invocations
 71116 | Slime:5  | Entered Level 5 of the Pits of Slime
 72792 | Slime:5  | Noticed the Royal Jelly
 73184 | Slime:5  | Found a viscous altar of Jiyva.
 73351 | Slime:5  | Killed the Royal Jelly
 73504 | Slime:5  | Identified the ring "Cuat" {rF+ Dex-5 Slay+5}
 73549 | Slime:5  | Identified the ring "Cemazej" {rPois rC- rCorr MP+9 Dex-2}
 73553 | Slime:5  | Got a slimy rune of Zot
 73562 | Slime:5  | Identified the +3 orcbow of World Downfall {heavy, SInv}
 73629 | Slime:5  | Identified the +4 scimitar of Prudence {flame, ^Contam Fly
                  | Str+4 Dex-3}
 74130 | Zot:1    | Entered Level 1 of the Realm of Zot
 74339 | Zot:1    | Reached skill level 22 in Invocations
 74501 | Zot:1    | Reached skill level 23 in Invocations
 74700 | Zot:1    | Reached XP level 26. HP: 218/218 MP: 33/38
 74770 | Zot:1    | Reached skill level 24 in Invocations
 74894 | Zot:1    | Noticed an orb of fire
 74904 | Zot:1    | Noticed an orb of fire
 74906 | Zot:1    | Killed an orb of fire
 74907 | Zot:1    | Reached skill level 25 in Invocations
 74913 | Zot:1    | Killed an orb of fire
 75002 | Zot:1    | Identified the +1 fire dragon scales "Ollyckae" {Rampage
                  | rF++ rC-}
 75021 | Zot:1    | Found a faded altar of an unknown god.
 75047 | Zot:1    | Found the +5 glaive of the Guard {elec, spectral}
 75096 | Zot:1    | Reached skill level 26 in Invocations
 75251 | Zot:1    | Noticed an orb of fire
 75257 | Zot:1    | Killed an orb of fire
 75804 | Zot:1    | Reached skill level 27 in Invocations
 76582 | Zot:2    | Noticed an orb of fire
 76587 | Zot:2    | Killed an orb of fire
 77385 | Zot:2    | Found a shimmering blue altar of Sif Muna.
 77526 | Zot:2    | Found the +8 frozen axe "Frostbite" {freeze, freezing
                  | cloud, *Noise Fly rC+}
 77919 | Zot:3    | Reached skill level 15 in Shields
 77975 | Zot:3    | Gained mutation: Your magical and physical power is greatly
                  | enhanced at high health. [demonic ancestry]
 77975 | Zot:3    | Reached XP level 27. HP: 224/224 MP: 24/40
 80779 | Zot:4    | Acquired the +7 kite shield of Honour {rN+ Dex+2}
 81203 | Zot:4    | Identified the +8 spear of the Weasel {venom, rN+ rCorr}
 81203 | Zot:4    | Identified the amulet "Tuclam" {Acrobat *Slow rF+ Stlth+}
 81552 | Zot:5    | Entered Level 5 of the Realm of Zot
 83099 | D:11     | You paid a toll of 19 potions of curing to enter a treasure
                  | trove
 83100 | Trove    | Entered a treasure trove
 83153 | Trove    | Identified the amulet of Etukhalo {rPois rF+ rC+++ Regen+
                  | Int-4}
 83551 | Depths:3 | Voluntarily entered the Abyss.
 84082 | Abyss:1  | Found a corrupted altar of Lugonu.
 84113 | Abyss:1  | Found a corrupted altar of Lugonu.
 85285 | Abyss:4  | Found a corrupted altar of Lugonu.
 85928 | Abyss:5  | Paralysed by accursed screaming for 1 turns
 85956 | Abyss:5  | Found a corrupted altar of Lugonu.
 85980 | Abyss:5  | Found a corrupted altar of Lugonu.
 85989 | Abyss:5  | Noticed a dread lich
 85995 | Abyss:5  | Killed a dread lich
 85996 | Abyss:5  | Noticed a dread lich
 86000 | Abyss:5  | Killed a dread lich
 86073 | Abyss:5  | Got an abyssal rune of Zot
 86099 | Abyss:5  | Reached skill level 5 in Armour
 86118 | Depths:3 | Escaped the Abyss
 86502 | Pan      | Entered Pandemonium
 87077 | Pan      | Noticed Mymoanamn the pandemonium lord
 87093 | Pan      | Killed Mymoanamn the pandemonium lord
 88600 | Pan      | Reached skill level 10 in Armour
 88817 | Pan      | Noticed Usant the pandemonium lord
 88840 | Pan      | Killed Usant the pandemonium lord
 89008 | Pan      | Found a runed translucent door.
 89091 | Pan      | Noticed Neavaqe the pandemonium lord
 89095 | Pan      | Killed Neavaqe the pandemonium lord
 89129 | Pan      | Found a bloodstained altar of Trog.
 89495 | Pan      | Reached skill level 15 in Spellcasting
 89644 | Pan      | Noticed Ravvig the pandemonium lord
 89652 | Pan      | Killed Ravvig the pandemonium lord
 91611 | Pan      | Reached skill level 15 in Armour
 91978 | Pan      | Identified the staff of the Equinox {Int+5 Conj}
 91979 | Pan      | Identified the ring of the Tempest {rPois AC+4 Str-3 SInv}
 92001 | Pan      | Got a demonic rune of Zot
 92105 | Pan      | Entered the realm of Mnoleg.
 92129 | Pan      | Noticed Mnoleg
 92158 | Pan      | Killed Mnoleg
 92730 | Pan      | Got a glowing rune of Zot
 96310 | Pan      | Noticed Mennas
 96339 | Pan      | Killed Mennas
 96539 | Pan      | Noticed Reomoah the pandemonium lord
 96556 | Pan      | Killed Reomoah the pandemonium lord
 96646 | Pan      | Entered the realm of Gloorx Vloq.
 96736 | Pan      | Identified the granite talisman "Udwon" {Dex+3 Stlth+}
 98481 | Pan      | Noticed Gloorx Vloq
 98493 | Pan      | Killed Gloorx Vloq
 98537 | Pan      | Got a dark rune of Zot
 98836 | Pan      | Found an exit through the horrors of the Abyss.
 99611 | Pan      | Noticed Siquex the pandemonium lord
 99622 | Pan      | Killed Siquex the pandemonium lord
 99656 | Pan      | Noticed Lythre the pandemonium lord
 99669 | Pan      | Killed Lythre the pandemonium lord
 99800 | Pan      | Entered the realm of Cerebov.
100485 | Pan      | Noticed Ignacio
100491 | Pan      | Killed Ignacio
101073 | Pan      | Identified the ring of Cixech {Will+ Str-5 Int+4 SInv}
101359 | Pan      | Found an exit through the horrors of the Abyss.
101396 | Pan      | Identified the +6 battleaxe "Nosumag" {freeze, rCorr}
101396 | Pan      | Identified the ring of Juhuwud {rElec rC+ Str+2}
101569 | Pan      | Found the +6 sword of Cerebov {flame}
101569 | Pan      | Noticed Cerebov
101705 | Pan      | Killed Cerebov
102062 | Pan      | Identified the +7 sling of a treasure trove {drain, rElec
                  | rCorr}
102132 | Pan      | Identified the staff "Ronuqu" {rElec rF+ Will+ Int+2 Air}
102153 | Pan      | Got a fiery rune of Zot
102585 | Pan      | Entered the realm of Lom Lobon.
103296 | Pan      | Noticed Lom Lobon
103891 | Pan      | Killed Lom Lobon
104034 | Pan      | Got a magical rune of Zot
104535 | Pan      | Identified the +0 battleaxe of Midnight {venom, rN+ Str+6
                  | Dex-4}
104562 | Pan      | Found an exit through the horrors of the Abyss.
106550 | Pan      | Took an exit into the Abyss.
106550 | Abyss:5  | Escaped into the Abyss
106553 | Depths:2 | Escaped the Abyss
106757 | Hell     | Entered the Vestibule of Hell
106757 | Hell     | Noticed Geryon
106767 | Hell     | Killed Geryon
107257 | Hell     | Reached skill level 1 in Stealth
107346 | Hell     | Found a gateway to the Iron City of Dis.
107482 | Hell     | Found a gateway to the ashen valley of Gehenna.
107549 | Hell     | Found a gateway to the decaying netherworld of Tartarus.
107636 | Hell     | Found a gateway to the freezing wastes of Cocytus.
107795 | Coc:1    | Entered Level 1 of Cocytus
108246 | Coc:2    | Reached skill level 5 in Stealth
109769 | Coc:5    | Reached skill level 10 in Stealth
110027 | Coc:5    | Paralysed by a wendigo for 1 turns
111055 | Coc:7    | Entered Level 7 of Cocytus
111078 | Coc:7    | Paralysed by a wendigo for 1 turns
111690 | Coc:7    | Reached skill level 15 in Stealth
111728 | Coc:7    | Noticed Antaeus
111771 | Coc:7    | Killed Antaeus
111903 | Coc:7    | Got an icy rune of Zot
112888 | Coc:7    | Identified the ring "Rudoev" {rF+ Str+4}
113607 | Tar:1    | Entered Level 1 of Tartarus
113608 | Tar:1    | You fall into a shaft and drop 1 floor!
116660 | Tar:7    | Entered Level 7 of Tartarus
116879 | Tar:7    | Noticed an ancient lich
116893 | Tar:7    | Killed an ancient lich
116999 | Tar:7    | Noticed an ancient lich
117018 | Tar:7    | Killed an ancient lich
117459 | Tar:7    | Noticed a dread lich
117468 | Tar:7    | Killed a dread lich
118780 | Tar:7    | Noticed Ereshkigal
118797 | Tar:7    | Killed Ereshkigal
118924 | Tar:7    | Got a bone rune of Zot
119146 | Tar:7    | Identified the +6 flail of Ulokeh {freeze, Will+ rCorr}
119149 | Tar:7    | Identified the staff "Wicana" {rN+ Dex+3 Necro}
119198 | Tar:7    | Identified the +6 bardiche "Musampi" {flame, *Slow Int+5}
120074 | Tar:7    | Identified the ring "Jestri" {rPois rF+ SInv}
120142 | Tar:7    | Got the Codex of Detritus and Hail
120156 | Tar:7    | Learned a level 8 spell: Ignition
120289 | Tar:7    | Reached skill level 1 in Fire Magic
120369 | Tar:7    | Reached skill level 5 in Fire Magic
120485 | Tar:7    | Identified the amulet of Guekias {Harm rN+ Regen+}
120487 | Tar:7    | Identified the staff of Bloody Death {rPois rN++ Will+
                  | Str+3 Dex-5 Alchemy}
121433 | Geh:1    | Entered Level 1 of Gehenna
123223 | Geh:4    | Reached skill level 10 in Fire Magic
126074 | Geh:7    | Entered Level 7 of Gehenna
127748 | Geh:7    | Reached skill level 15 in Fire Magic
128760 | Geh:7    | Found the +13 sceptre of Asmodeus
128760 | Geh:7    | Noticed Asmodeus
128795 | Geh:7    | Killed Asmodeus
129001 | Geh:7    | Got an obsidian rune of Zot
129265 | Geh:7    | Identified the +0 leather armour of Tonax {rC+++ Will-
                  | Str+3}
130826 | Dis:1    | Entered Level 1 of the Iron City of Dis
131121 | Dis:1    | You fall into a shaft and drop 1 floor!
131121 | Dis:2    | Noticed a juggernaut
131148 | Dis:2    | Killed a juggernaut
133222 | Dis:7    | Entered Level 7 of the Iron City of Dis
134712 | Dis:7    | Noticed the Serpent of Hell
134739 | Dis:7    | Noticed a juggernaut
134751 | Dis:7    | Killed a juggernaut
134780 | Dis:7    | Killed the Serpent of Hell
134917 | Dis:7    | Identified the +2 robe of Subjectivity {*Corrode rElec
                  | rPois Int-3}
134950 | Dis:7    | Identified the +5 plate armour "Ceume" {rN+ Str-3 SInv}
134957 | Dis:7    | Identified the +3 arbalest of the Vestibule of Hell {heavy,
                  | rElec rF+}
134963 | Dis:7    | Got Luipp's Reference Book on the Windy Iceberg
135754 | Dis:7    | Noticed a juggernaut
135761 | Dis:7    | Killed a juggernaut
135774 | Dis:7    | Reached skill level 1 in Hexes
135804 | Dis:7    | Identified the staff of Wahuttu {rElec Dex+3 Air}
136518 | Dis:7    | Reached skill level 5 in Hexes
138176 | Dis:7    | Noticed a juggernaut
138183 | Dis:7    | Killed a juggernaut
138215 | Dis:7    | Identified the ring "Ucubrij" {rPois rF+ rC- Str+4}
138215 | Dis:7    | Noticed Dispater
138233 | Dis:7    | Killed Dispater
138478 | Dis:7    | Got an iron rune of Zot
138651 | Dis:7    | Identified the +4 great mace of Mieb {antimagic, Will++
                  | Dex+2}
138651 | Dis:7    | Identified the ring of Xuxutod {Will++ Str+5 Int+6 Dex+2}
139566 | Tomb:1   | Entered Level 1 of the Tomb of the Ancients
140127 | Tomb:1   | Reached skill level 10 in Hexes
140556 | Tomb:1   | Noticed a royal mummy
140564 | Tomb:1   | Killed a royal mummy
141490 | Tomb:2   | Noticed a royal mummy
141490 | Tomb:2   | Noticed a royal mummy
141490 | Tomb:2   | Noticed a royal mummy
141490 | Tomb:2   | Noticed a royal mummy
141501 | Tomb:2   | Killed a royal mummy
141506 | Tomb:2   | Killed a royal mummy
141530 | Tomb:2   | Killed a royal mummy
141532 | Tomb:2   | Killed a royal mummy
141875 | Tomb:2   | Learned a level 7 spell: Enfeeble
142288 | Tomb:2   | Identified the +11 quarterstaff of Mens Rea {holy, rElec
                  | Str+2}
142695 | Tomb:1   | Noticed a royal mummy
142696 | Tomb:1   | Noticed a royal mummy
142701 | Tomb:1   | Killed a royal mummy
142706 | Tomb:1   | Killed a royal mummy
142712 | Tomb:1   | Noticed a royal mummy
142721 | Tomb:1   | Killed a royal mummy
142723 | Tomb:1   | Noticed a royal mummy
142728 | Tomb:1   | Killed a royal mummy
142743 | Tomb:1   | Noticed a royal mummy
142748 | Tomb:1   | Killed a royal mummy
142748 | Tomb:1   | Noticed a royal mummy
142754 | Tomb:1   | Killed a royal mummy
142766 | Tomb:1   | Noticed a royal mummy
142772 | Tomb:1   | Killed a royal mummy
142779 | Tomb:1   | Noticed a royal mummy
142783 | Tomb:1   | Noticed a royal mummy
142784 | Tomb:1   | Killed a royal mummy
142786 | Tomb:1   | Noticed a royal mummy
142789 | Tomb:1   | Killed a royal mummy
142789 | Tomb:1   | Noticed a royal mummy
142790 | Tomb:1   | Reached skill level 15 in Hexes
142793 | Tomb:1   | Killed a royal mummy
142796 | Tomb:1   | Killed a royal mummy
143011 | Tomb:1   | Noticed a royal mummy
143017 | Tomb:1   | Killed a royal mummy
143058 | Tomb:1   | Noticed a royal mummy
143065 | Tomb:1   | Killed a royal mummy
143211 | Tomb:1   | Noticed a royal mummy
143216 | Tomb:1   | Killed a royal mummy
143218 | Tomb:1   | Noticed a royal mummy
143223 | Tomb:1   | Killed a royal mummy
143585 | Tomb:3   | Entered Level 3 of the Tomb of the Ancients
143667 | Tomb:3   | Noticed a royal mummy
143669 | Tomb:3   | Noticed a royal mummy
143677 | Tomb:3   | Killed a royal mummy
143681 | Tomb:3   | Killed a royal mummy
143693 | Tomb:3   | Noticed a royal mummy
143693 | Tomb:3   | Noticed a royal mummy
143693 | Tomb:3   | Noticed a royal mummy
143693 | Tomb:3   | Noticed a royal mummy
143695 | Tomb:3   | Killed a royal mummy
143695 | Tomb:3   | Noticed a royal mummy
143698 | Tomb:3   | Noticed a royal mummy
143698 | Tomb:3   | Noticed a royal mummy
143699 | Tomb:3   | Killed a royal mummy
143710 | Tomb:3   | Killed a royal mummy
143710 | Tomb:3   | Killed a royal mummy
143710 | Tomb:3   | Killed a royal mummy
143715 | Tomb:3   | Killed a royal mummy
143718 | Tomb:3   | Killed a royal mummy
144082 | Tomb:3   | Found the -2 hat of the Alchemist {rElec rPois rF+ rC+ rN+
                  | Will+ rMut rCorr}
144378 | Tomb:3   | Got a golden rune of Zot
144609 | Tomb:3   | Identified the +1 mace "Fuagakh" {spect, ^Fragile rElec
                  | rF++ rCorr}
144614 | Tomb:3   | Identified the staff of Imminent Death {rC+++ Conj}
144620 | Tomb:3   | Identified the +8 scimitar "Vof Huih" {antimagic, *Noise
                  | Fly rN+ SInv}
144624 | Tomb:3   | Identified the ring "Ituah" {Wiz Will+ rCorr Str+4}
144672 | Tomb:3   | Identified the +6 hand cannon of Sloth {speed, rPois Will+
                  | rCorr Dex+3}
145494 | Zot:5    | Noticed an ancient lich
145501 | Zot:5    | Noticed an orb of fire
145506 | Zot:5    | Killed an ancient lich
145508 | Zot:5    | Noticed an ancient lich
145513 | Zot:5    | Killed an ancient lich
145524 | Zot:5    | Noticed an ancient lich
145528 | Zot:5    | Noticed an orb of fire
145531 | Zot:5    | Noticed an ancient lich
145534 | Zot:5    | Noticed an orb of fire
145539 | Zot:5    | Killed an orb of fire
145543 | Zot:5    | Killed an ancient lich
145547 | Zot:5    | Killed an ancient lich
145547 | Zot:5    | Killed an orb of fire
145549 | Zot:5    | Killed an orb of fire
145556 | Zot:5    | Noticed a dread lich
145565 | Zot:5    | Killed a dread lich
145705 | Zot:5    | Got the Compendium of Rough Bodies
145885 | Zot:5    | Got the Orb of Zot
146559 | D:$      | Escaped with the Orb!

Illustrated notes

Levels and vault maps discovered:
D:1:      minmay_arrival_shoal_huts, layout_basic, serial_park_tiny_2,
          fountainhead
D:2:      layout_basic, uniq_sigmund
D:3:      layout_loops_ring, minmay_misc_feat_rugged,
          kennysheep_cross_bottleneck, nicolae_kite_square_tiling_tiny,
          dk_noncrumbling_3
D:4:      layout_rooms, serial_co_window_serial, co_window_corner_a,
          co_window_paths_a, co_window_cross_1, co_window_paths_a,
          co_window_paths_a, co_window_paths_a, co_window_paths_a,
          co_window_paths_b, co_window_corner_a, co_window_2corner,
          co_window_cross_2, co_window_unsneaky_path_a, co_window_paths_c,
          co_window_broadway_a, co_window_broadway_a, glass_columns_c,
          glass_columns_b, glass_columns_c, ebering_ghost_sewer_f
D:5:      layout_cave_pools, temple_pool_b
D:6:      layout_basic, serial_shops, nicolae_square_shop,
          uniq_crazy_yiuf_cottage
D:7:      layout_loops_ring, kennysheep_mini_moat, nzn_hepliaklqana_mist_gate,
          due_unseen_surprise
D:8:      layout_basic, nicolae_dithmenos_shadow_blocks, serial_shops,
          nicolae_shop_rolling_square, nicolae_shop_tiny_real_fake_doors,
          grunt_tough_drop, uniq_jeremiah
D:9:      layout_loops_cross, regret_index_xom_of_box,
          mainiacjoe_overflow_alcove_1
D:10:     kennysheep_seaside_town, layout_rooms,
          mainiacjoe_overflow_six_doors_small, erik_lair_island, orc_0_dummy,
          minmay_three_doors, uniq_fannar
D:11:     old_forge, layout_small_grid, nicolae_trove_entry_crossroad,
          ebering_ghost_disaster_area
D:12:     layout_loops_ring
D:13:     layout_layer_cave, uniq_kirke, uniq_nessos
D:14:     layout_cave_pods, skrybe_vaults_entry_preservation,
          gauntlet_entry_generic, dreamdust_wishing_well
D:15:     grunt_enter_depths_snipers, layout_small_grid, minmay_crystal_room,
          uniq_agnes
Temple:   nicolae_temple_bog_church
Lair:1:   layout_layer_cave, maelrawn_ghost_gauntlet_escape,
          columned_hall_lemuel, minivault_11
Lair:2:   layout_gridlike, minmay_shoals_entry_beasts,
          spider_nest_entry_web_field, grunt_megastairs_1
Lair:3:   layout_roguey
Lair:4:   layout_concentric_octagons, portal_ice_cave_demonic_guard
Lair:5:   gammafunk_lair_ancient_temple, layout_cave_pods, slime_entry_1,
          infiniplex_staircase_pool_2
Shoals:1: layout_shoals, uniq_louise
Shoals:2: layout_shoals
Shoals:3: layout_shoals, gammafunk_ghost_grave
Shoals:4: shoals_end_hellmonk_storm_palace [storm_palace_center_square,
          storm_palace_corner_pillars, storm_palace_corner_narrow,
          storm_palace_corner_narrow, storm_palace_corner_grid]
Spider:1: layout_spider_delve, nicolae_spider_checkerboard
Spider:2: nicolae_spider_hilbert_zone_6 [nicolae_spider_hilbert_4_sides_1_open,
          nicolae_spider_hilbert_4_sides_1_open,
          nicolae_spider_hilbert_4_sides_1_open,
          nicolae_spider_hilbert_4_sides_1_open,
          nicolae_spider_hilbert_4_sides_1_open,
          nicolae_spider_hilbert_4_sides_1_open,
          nicolae_spider_hilbert_4_sides_1_open], drop_trap,
          hellmonk_deceptive_appearances
Spider:3: layout_spider_delve, nicolae_spider_orb_run, uniq_roxanne
Spider:4: grunt_spider_rune_circles
Slime:1:  layout_caves
Slime:2:  layout_caves
Slime:3:  layout_caves
Slime:4:  layout_caves
Slime:5:  slime_pit_nicolae_royal_road_to_ruin
Orc:1:    layout_caves, trog_butcher_becter, uniq_harold, uniq_jorgrun,
          uniq_erica
Orc:2:    st_orc_pillars, layout_caves, nicolae_shop_vocational, uniq_donald,
          uniq_urug
Elf:1:    elf_arrival_001, layout_loops_corners, serial_shops, shop,
          minmay_elf_annihilation, st_stairs_4, uniq_nikola
Elf:2:    nicolae_elf_blades_crystal_corner, layout_loops_corners,
          dk_noncrumbling_4, uniq_saint_roka
Elf:3:    minmay_elf_hall_quartered_circle, layout_gridlike, uniq_mara,
          uniq_asterion
Vaults:1: hangedman_vaults_maws, nicolae_vaults_closet_pinwheel_3, fort_yaktaur,
          nicolae_vaults_storage_closets_1, ontoclasm_vaults_ligature,
          nicolae_vaults_more_shelving_1, ontoclasm_vaults_twist,
          layout_vaults_omnigrid, serial_shops, bzr_entry_dummy
Vaults:2: minmay_crypt_entry_necro_gods, grunt_vaults_bifocal, st_greater_box_1,
          vaults_dpeg_hooks, nicolae_vaults_alarming, lemuel_angel_altar,
          nicolae_vaults_double_plus_1, nicolae_vaults_little_squares_5,
          nicolae_vaults_three_branches, nicolae_vaults_tangram_2, v_pattern_4,
          ontoclasm_vaults_gateway, nicolae_vaults_tangram_1,
          layout_vaults_maze_snakey
Vaults:3: hangedman_vaults_nodes, serial_ice_h,
          nicolae_vaults_closet_pinwheel_6, v_rooms_4,
          nicolae_vaults_taking_the_gang_shopping,
          nicolae_vaults_doubleplus_tesselated, nicolae_vaults_asterisk,
          v_rooms_5, v_alt_pattern_3, nicolae_vaults_diamond_2,
          nicolae_vaults_little_guard_posts, layout_vaults_omnicross,
          uniq_sojobo
Vaults:4: hangedman_vaults_locks, v_rooms_1, nicolae_vaults_closet_pinwheel_1,
          nicolae_vaults_double_plus_2, nicolae_vaults_little_squares_1,
          nicolae_vaults_hallways_thing, grunt_vaults_hallway_long,
          nicolae_vaults_sealed_display, nicolae_vaults_surprise_closet,
          nicolae_vaults_tetromino_T_2, nicolae_vaults_closet_pinwheel_5,
          nicolae_vaults_tetromino_L_1, layout_vaults_omnibox
Vaults:5
Crypt:1:  layout_chaotic_city, ebering_ghost_gozag, minmay_misc_feat_five,
          roderic_lattice_octagonal_star
Crypt:2:  cheibrodos_crypt_eye_of_stone, layout_basic, due_unseen_surprise
Crypt:3:  grunt_crypt_end_deaths_head
Tomb:1
Tomb:2
Tomb:3
Depths:1: minmay_heptahexagon, layout_cave_shapes,
          nicolae_qazlal_style_of_elements, grunt_metal_band,
          minmay_fountain_box, nicolae_elemental_shop,
          minmay_misc_feat_enclosed, minmay_fire_ice_demons, uniq_bai_suzhen
Depths:2: minmay_the_grid_4x2 [minmay_the_grid_empty,
          minmay_the_grid_zigzag_pyramid, minmay_the_grid_aliased_spiral,
          minmay_the_grid_minigrid_large, minmay_the_grid_medium_cups,
          minmay_the_grid_armoury, minmay_the_grid_pillar_ring,
          minmay_the_grid_prize_big_room], layout_gridlike, enter_ziggurat_e,
          hell_entry, grunt_decor_fettered, pan_entry, lemuel_another_geyser,
          uniq_boris
Depths:3: gammafunk_its_a_trap, layout_cave_pools, good_gods_temple_1,
          mu_enter_wizlab_4, nicolae_abyss_entry_one_way_or_another,
          ploomutoo_gammafunk_ghost_potion_laboratory, pf_hell_entry_tar_river
Depths:4: grunt_zot_entry_gee_three, layout_gridlike, abyss_entry, hell_entry,
          serial_bayou_shore_b, chequers_decorated_corner, nicolae_letterblocks
          [nicolae_letter_subblock, nicolae_letter_subblock,
          nicolae_letter_subblock, nicolae_letter_subblock,
          nicolae_letter_subblock, nicolae_letter_subblock,
          nicolae_letter_subblock, nicolae_letter_subblock,
          nicolae_letter_subblock, nicolae_letter_subblock,
          nicolae_letter_subblock, nicolae_letter_subblock,
          nicolae_letter_subblock, nicolae_letter_subblock,
          nicolae_letter_subblock, nicolae_letter_subblock,
          nicolae_letter_subblock, nicolae_letter_subblock,
          nicolae_letter_subblock, nicolae_letter_subblock,
          nicolae_letter_subblock, nicolae_letter_subblock,
          nicolae_letter_subblock, nicolae_letter_subblock,
          nicolae_letter_subblock]
Hell
Dis:1:    layout_gridville
Dis:2:    layout_gridville, nicolae_dis_step_into_the_octagon
Dis:3:    layout_regular_city, nicolae_hells_hurtin_island,
          nicolae_dis_strange_trophy_room
Dis:4:    layout_gridville
Dis:5:    layout_subdivisions, nicolae_hells_fiendish_ambush
Dis:6:    layout_jigsaw
Dis:7:    dis_hangedman
Geh:1:    layout_gehenna_lava_caves
Geh:2:    layout_gehenna_lava_caves
Geh:3:    layout_gehenna_pools_box
Geh:4:    layout_gehenna_pools_basic, hangedman_elemental_grid_stream
Geh:5:    layout_gehenna_pools_triple
Geh:6:    layout_gehenna_pools_triple
Geh:7:    geh_hangedman
Coc:1:    layout_cocytus_water_paths
Coc:2:    layout_ice_bergs
Coc:3:    layout_cocytus_water_paths
Coc:4:    layout_ice_bergs
Coc:5:    layout_cocytus_delve
Coc:6:    layout_cocytus_water_paths
Coc:7:    coc_dpeg
Tar:1:    nicolae_tar_checkpoint_tarlie, layout_cathedral_of_symmetry
Tar:2:    layout_grid_maze
Tar:3:    layout_honeycomb
Tar:4:    layout_honeycomb
Tar:5:    layout_grid_maze
Tar:6:    layout_catacombs
Tar:7:    tar_old
Zot:1:    regret_index_infernal_bastille, layout_gridlike,
          hangedman_zot_decor_unnerving_road
Zot:2:    cheibrodos_zot_enchanting_chambers, layout_gridlike,
          regret_index_zotdec_magical_s, st_single_dragon_hoard_2
Zot:3:    layout_basic
Zot:4:    minmay_elemental_castle, layout_gridlike, regret_index_zotdec_plus
Zot:5:    layout_twisted_circle, nicolae_tricolors

Skill      XL: |  1  2  3  4  5  6  7  8  9 10 11 12 13 14 15 16 17 18 19 20 21 22 23 24 25 26 27 |
---------------+----------------------------------------------------------------------------------+-----
Unarmed Combat | 2 3 4 5 7 8 10 11 12 14 16 17 21 | 21.6
Dodging        | 5 8 10 12 15 18 20 21 | 21.5
Fighting       | 6 9 10 11 13 16 18 20 21 | 21.9
Invocations    | 8 12 18 20 23 27 | 27.0
Shapeshifting  | 1 7 10 12 15 16 18 23 | 23.0
Translocations | 6 10 12 15 18 | 18.0
Evocations     | 1 10 15 18 20 | 20.0
Armour         | 3 21 | 21.5
Spellcasting   | 5 10 20 | 20.0
Shields        | 5 10 15 20 | 20.0
Stealth        | 20 | 20.0
Fire Magic     | 20 | 20.0
Hexes          | 15 | 15.0

Action                     |  1- 3 |  4- 6 |  7- 9 | 10-12 | 13-15 | 16-18 | 19-21 | 22-24 | 25-27 || total
---------------------------+-------+-------+-------+-------+-------+-------+-------+-------+-------++-------
  Melee: Unarmed           |   120 |   130 |   289 |   476 |   901 |  1172 |   777 |  1127 |  6825 || 11817
         Kick              |       |    19 |    76 |   161 |   306 |   311 |   243 |   234 |  2686 ||  4036
         Tailslap          |       |       |    13 |    88 |   134 |   151 |   121 |   108 |  1188 ||  1803
         Punch             |       |       |       |       |    58 |    59 |    15 |       |       ||   132
         Staff             |       |       |       |       |       |       |       |       |     1 ||     1
  Throw: Dart              |       |       |     2 |     8 |     2 |       |       |       |       ||    12
         Throwing net      |       |       |       |     3 |       |       |       |       |       ||     3
   Cast: Lesser Beckoning  |       |       |       |       |    31 |   147 |   144 |   163 |  1153 ||  1638
         Manifold Assault  |       |       |       |       |   118 |   302 |   138 |   380 |  1370 ||  2308
         Blink             |       |       |       |       |       |     3 |     4 |     3 |    11 ||    21
         Teleport Other    |       |       |       |       |       |     1 |       |       |       ||     1
         Passage of Golubr |       |       |       |       |       |       |       |     4 |     2 ||     6
         Vhi's Electric Ch |       |       |       |       |       |       |       |     5 |    92 ||    97
         Apportation       |       |       |       |       |       |       |       |       |     7 ||     7
         Ignition          |       |       |       |       |       |       |       |       |     6 ||     6
 Invoke: Step From Time    |       |       |       |       |     1 |       |       |       |       ||     1
         Slouch            |       |       |       |       |     1 |     1 |     1 |     3 |    40 ||    46
         Temporal Distorti |       |       |       |       |       |       |       |     1 |       ||     1
  Evoke: Wand              |       |       |       |     6 |     2 |     1 |       |     3 |    16 ||    28
         Condenser vane    |       |       |       |       |       |       |     2 |     1 |     3 ||     6
         Phial of floods   |       |       |       |       |       |       |     1 |     2 |     2 ||     5
         Horn of Geryon    |       |       |       |       |       |       |       |       |     2 ||     2
         Phantom mirror    |       |       |       |       |       |       |       |       |     2 ||     2
         Sack of spiders   |       |       |       |       |       |       |       |       |     1 ||     1
    Use: Potion            |       |     4 |     1 |     1 |     8 |    12 |     3 |     5 |     5 ||    39
         Scroll            |       |    10 |     6 |     8 |     8 |    12 |     8 |     6 |    33 ||    91
   Stab: Held in net/web   |       |       |       |     4 |       |       |       |       |       ||     4
         Distracted        |       |       |       |     3 |     6 |     2 |     4 |     1 |    23 ||    39
         Sleeping          |       |       |       |     6 |     4 |     3 |       |     3 |     4 ||    20
         Confused          |       |       |       |       |       |       |       |       |     5 ||     5
         Paralysed         |       |       |       |       |       |       |       |       |     1 ||     1
 Armour: Scale mail        |    88 |    44 |       |       |       |       |       |       |       ||   132
         Chain mail        |       |    30 |   190 |       |       |       |       |       |       ||   220
         Ring mail         |       |       |    27 |     1 |       |       |       |       |       ||    28
         Robe              |       |       |       |   139 |    24 |       |       |       |       ||   163
         Leather armour    |       |       |       |       |   246 |       |       |       |       ||   246
         Quicksilver drago |       |       |       |       |    15 |   453 |     3 |       |       ||   471
         Skin              |       |       |       |       |       |       |   402 |   372 |   348 ||  1122
         Storm dragon scal |       |       |       |       |       |       |       |       |   782 ||   782
  Dodge: Dodged            |    51 |    33 |    72 |   266 |   598 |   863 |   840 |   880 |  2843 ||  6446
  Block: Buckler           |    14 |    27 |    42 |       |       |       |   211 |   416 |   396 ||  1106
         Kite shield       |       |       |    48 |   411 |   153 |       |       |       |  3945 ||  4557
   Form: Blade             |       |       |       |       |     2 |       |       |       |       ||     2
                           |       |       |       |       |     1 |       |       |       |       ||     1
         Statue            |       |       |       |       |       |       |     2 |     1 |     1 ||     4
         Storm             |       |       |       |       |       |       |     1 |       |       ||     1
         Death             |       |       |       |       |       |       |       |     1 |     2 ||     3

Table legend: (Time is in decaauts)
 A = Elapsed time spent in this place.
 B = Non-inter-level travel time spent in this place.
 C = Inter-level travel time spent in this place.
 D = Time resting spent in this place.
 E = Time spent auto-exploring this place.
 F = Levels seen in this place.
 G = Mean time per level.
                   A        B        C        D        E       F      G
               +--------+--------+--------+--------+--------+-----+--------+
         Total | 232092 | 207861 |  24231 |  61046 | 106672 | 118 | 1966.9 |
       Dungeon |  28038 |  21121 |   6917 |   2515 |  15409 |  15 | 1869.2 |
        Temple |     14 |      3 |     11 |      0 |      0 |   1 |   14.0 |
          Lair |   9447 |   8055 |   1392 |    212 |   6502 |   5 | 1889.4 |
        Shoals |  10480 |   9719 |    761 |   3588 |   4047 |   4 | 2620.0 |
   Spider Nest |   9988 |   9213 |    775 |   1909 |   6099 |   4 | 2497.0 |
    Slime Pits |  10806 |   9508 |   1298 |   3697 |   4048 |   5 | 2161.2 |
  Orcish Mines |   3471 |   2771 |    700 |    568 |   1650 |   2 | 1735.5 |
   Elven Halls |  11277 |  10673 |    604 |   3282 |   6387 |   3 | 3759.0 |
        Vaults |  22597 |  20343 |   2254 |   4757 |  11342 |   5 | 4519.4 |
         Crypt |   9913 |   8605 |   1308 |   1834 |   5519 |   3 | 3304.3 |
          Tomb |   7240 |   6460 |    780 |   2689 |   1406 |   3 | 2413.3 |
        Depths |  15797 |  12733 |   3064 |   2725 |   7927 |   4 | 3949.2 |
          Hell |   2103 |   1795 |    308 |    645 |    901 |   1 | 2103.0 |
           Dis |   9637 |   9271 |    366 |   5030 |   1729 |   7 | 1376.7 |
       Gehenna |  11938 |  11470 |    468 |   5032 |   4690 |   7 | 1705.4 |
       Cocytus |   7526 |   7016 |    510 |   2570 |   3458 |   7 | 1075.1 |
      Tartarus |   9072 |   8450 |    622 |   4451 |   2057 |   7 | 1296.0 |
           Zot |  19486 |  17400 |   2086 |   5344 |   9526 |   5 | 3897.2 |
         Abyss |   4537 |   4537 |      0 |   1284 |   1807 |   6 |  756.2 |
   Pandemonium |  24026 |  24026 |      0 |   8149 |   9554 |  19 | 1264.5 |
        Bazaar |    156 |    156 |      0 |      0 |     91 |   1 |  156.0 |
         Trove |    244 |    244 |      0 |      0 |    193 |   1 |  244.0 |
      Ice Cave |   1366 |   1366 |      0 |    460 |    517 |   1 | 1366.0 |
        Wizlab |   1689 |   1689 |      0 |     10 |   1476 |   1 | 1689.0 |
      Gauntlet |   1235 |   1235 |      0 |    285 |    330 |   1 | 1235.0 |
               +--------+--------+--------+--------+--------+-----+--------+

Top non-repeatable levels by time:
   Dis:7: 6669 daAuts
Vaults:5: 6453 daAuts
   Geh:7: 6017 daAuts
   Tar:7: 5218 daAuts
   Elf:2: 5105 daAuts
 Slime:5: 4787 daAuts
Vaults:2: 4601 daAuts
   Zot:2: 4526 daAuts
Vaults:1: 4434 daAuts
Depths:4: 4302 daAuts
Shoals:4: 4175 daAuts
   Zot:1: 4165 daAuts
   Zot:4: 4146 daAuts
Depths:3: 4017 daAuts
Vaults:3: 4011 daAuts
